Workbook

Sheet CONSOLIDADO 
A2: ANEXO - FORMATO OFERTA ECONOMICA
A3: “PRESTAR LOS SERVICIOS DE MANTENIMIENTO PREVENTIVO, PREDICTIVO Y CORRECTIVO CON SUMINISTROS DE REPUESTOS DE LOS VEHÍCULOS PROPIEDAD DEL CUERPO OFICIAL DE BOMBEROS DE BUCARAMANGA”
A4: VEHÍCULOS BOMBEROS DE BUCARAMANGA 2025
A5: No. | B5: ITEM | C5: CLASIFICACION VEHÍCULO | D5: DESCRIPCIÓN VEHÍCULO | E5: CANTIDAD VEHICULOS | F5: VALOR TOTAL INCLUIDO IMPUESTOS Y GRAVAMENES
A6: 1 | B6: XTZ | C6: MOTOS | D6: =+'1M XTZ'!A1:A1 -> YAMAHA XTZ 250 | E6: 6 | F6: =+'1M XTZ'!G118 -> 0
A7: 2 | B7: M5 | C7: ESPECIALIZADO | D7: =+'1E. M 5 '!A1:A1 -> FORD OSA 785 MODELO: 2001 | E7: 1 | F7: =+'1E. M 5 '!F618 -> 0
A8: 3 | B8: MAQ 18 | C8: ESPECIALIZADO | D8: =+'2E. MAQ 18 '!A1:A1 -> FREIGTHLINNER MERCEDES MODELO: 2003 | E8: 1 | F8: =+'2E. MAQ 18 '!F844 -> 0
A9: 4 | B9: MAQ 19 | C9: ESPECIALIZADO | D9: =+'3E. MAQ 19 '!A1:A1 -> TOYOTA FJ 25 OSA 783 MODELO: 2006 | E9: 1 | F9: =+'3E. MAQ 19 '!F549 -> 0
A10: 5 | B10: MAQ 20 | C10: ESPECIALIZADO | D10: =+'4E. MAQ 20 '!A1:A1 -> INTERNATIONAL OSA 784 MODELO: 2006 | E10: 1 | F10: =+'4E. MAQ 20 '!F844 -> 0
A11: 6 | B11: MAQ 21 | C11: ESPECIALIZADO | D11: =+'5E. MAQ 21'!A1:A1 -> KENWORTH T 370 OSA 840 MODELO: 2008 | E11: 1 | F11: =+'5E. MAQ 21'!F844 -> 0
A12: 7 | B12: MAQ 22 | C12: ESPECIALIZADO | D12: =+'6E. MAQ 22'!A1:A1 -> FREIGHTLINNER OSA 865 MODELO: 2010 | E12: 1 | F12: =+'6E. MAQ 22'!F844 -> 0
A13: 8 | B13: MAQ 23 | C13: ESPECIALIZADO | D13: =+'7E. MAQ 23'!A1:A1 -> INTERNATIONAL OSB 106 MODELO: 2014 | E13: 1 | F13: =+'7E. MAQ 23'!F844 -> 0
A14: 9 | B14: MAQ 24 | C14: ESPECIALIZADO | D14: =+'8E. MAQ 24'!A1:A1 -> INTERNATIONAL OSB 105 MODELO: 2014 | E14: 1 | F14: =+'8E. MAQ 24'!F844 -> 0
A15: 10 | B15: MAQ 25 | C15: ESPECIALIZADO | D15: =+'9E. MAQ 25'!A1:A1 -> FORD F550 OSB 107 MODELO: 2013 | E15: 1 | F15: =+'9E. MAQ 25'!F844 -> 0
A16: 11 | B16: MAQ 26 | C16: ESPECIALIZADO | D16: =+'10E. MAQ 26'!A1:A1 -> INTERNATIONAL OSB 164 MODELO: 2015 | E16: 1 | F16: =+'10E. MAQ 26'!F843 -> 0
A17: 12 | B17: MAQ 27 | C17: ESPECIALIZADO | D17: =+'11E. MAQ 27'!A1:A1 -> ROSENBAUER REFERENCIA L32AXS-FA MODELO: 2019 | E17: 1 | F17: =+'11E. MAQ 27'!F35 -> 0
A18: 13 | B18: MAQ 28 | C18: CAMIONETA | D18: =+'1C. MAQ 28-29-30'!A1:A1 -> NISSAN 4X4NP300 FRONTIER MODELO 2019 | E18: 3 | F18: =+ROUND('1C. MAQ 28-29-30'!F555,0) -> 0
A19: 14 | B19: MAQ 29
A20: 15 | B20: MAQ 30
A21: 16 | B21: M1 | C21: CAMIONETA | D21: =+'4C. M 1'!A1:A1 -> TOYOTA FORTUNER MODELO: 2015 | E21: 1 | F21: =+'4C. M 1'!F547 -> 0
A22: TOTAL INCLUIDO IMPUESTOD Y DEMAS GASTOS Y GRAVAMENES A LOS QUE HAYA LUGAR | F22: =SUM(F6:F21) -> 0
A24: VEHICULOS MOTOS | F24: =+F6 -> 0
A25: VEHICULOS ESPECIALIZADOS | F25: =+F7+F8+F9+F10+F11+F12+F13+F14+F15+F16+F17 -> 0
A26: VEHICULOS CAMIONETAS | F26: =+F21+F18 -> 0
A27: SUMATORIA TOTAL DE MANTENIMIENTO Y SUMINISTRO DE REPUESTOS | F27: =+F24+F25+F26 -> 0
A29: VALOR TOTAL PRESUPUESTO ESTABLECIDO | F29: 500000000
A30: Observación: El valor del presupuesto establecido por la entidad para este proceso contractual es una Bolsa a monto agotable, por lo tanto, no podra ser cambiado ni modificado.
A32: NOTA 1: Los valores con decimales deben aproximarse al número mas cercano y solo se tendrá en cuenta el valor entero.
A33: NOTA 2: Los valores unitarios y totales acá descritos contienen los impuestos, gravámenes y demás gastos a los que haya lugar
A34: NOTA 3: El valor total unitario determinado con la sumatoria de todos los ítems será la referencia para determinar el menor precio y es el mismo que el oferente deberá tener en cuenta para realizar la oferta económica.
A35: NOTA 4: El valor del presupuesto establecido por la entidad para este proceso contractual es una Bolsa a monto agotable, por lo tanto, no podra ser cambiado ni modificado.
A36: En aceptación al ofrecimiento de la oferta económica se firma en la ciudad de xxxxxxxxxxxxx, a los xxxxxx (xx) días, del mes xxx ,del año 202x
A37: _____________________________________________ FIRMA: NOMBRE DEL REPRESENTANTE LEGAL : NOMBRE O RAZON SOCIAL: NIT O CC.: DIRECCIÓN: CIUDAD: TELEFONO: E-MAIL:

Sheet 1M XTZ
A1: YAMAHA XTZ 250 | D1: Cantidad | E1: 6
A2: 6 | C2: GRUPOS
A3: Items mantenimiento sistemas | E3: MANTENIMIENTO | F3: REPUESTOS | G3: TOTAL
A5: Item | B5: UNSPSC | C5: MOTOR | D5: UND
A6: 1 | B6: 781815 | C6: CAMBIO SELLOS DE VÁLVULAS | D6: JUEGO
A7: 2 | B7: 781815 | C7: CAMBIO PASADOR BALANCÍN | D7: UND
A8: 3 | B8: 781815 | C8: CAMBIO RETEN CIGÜEÑAL IZQUIERDO | D8: UND
A9: 4 | B9: 781815 | C9: CAMBIO EMPAQUE TENSOR CADENILLA | D9: UND
A10: 5 | B10: 781815 | C10: CAMBIO EMPAQUES DEL MOTOR | D10: JUEGO
A11: 6 | B11: 781815 | C11: CAMBIO RETENES DEL MOTOR | D11: JUEGO
A12: 7 | B12: 781815 | C12: CAMBIO TORNILLO CULATA | D12: UND
A13: 8 | B13: 781815 | C13: CAMBIO TORNILLO BALANCIN | D13: UND
A14: 9 | B14: 781815 | C14: CAMBIO TUERCA BALANCIN | D14: UND
A15: 10 | B15: 781815 | C15: CAMBIO CADENILLA | D15: UND
A16: 11 | B16: 781815 | C16: CAMBIO GUÍA DE CADENILLA | D16: UND
A17: 12 | B17: 781815 | C17: CAMBIO TENSOR DE CADENILLA INTERNO | D17: UND
... A34: 29 | B34: 781815 | C34: CAMBIO DE ACEITE COMPLETO | D34: GLOBAL
C35: CAJA CAMBIOS
A36: 30 | B36: 781815 | C36: CAMBIO SELECTOR CAMBIOS | D36: UND
A37: 31 | B37: 781815 | C37: CAMBIO PIÑÓN PRIMERA | D37: UND
A38: 32 | B38: 781815 | C38: CAMBIO EJE DE CAMBIOS | D38: UND
A39: 33 | B39: 781815 | C39: CAMBIO PERA DE NEUTRO | D39: UND
A40: 34 | B40: 781815 | C40: CAMBIO RETENEDOR PALANCA CAMBIOS | D40: UND
A41: 35 | B41: 781815 | C41: CAMBIO RETENEDOR PIÑÓN ARRASTRE | D41: UND
C42: CLUTCH
A43: 36 | B43: 781815 | C43: CAMBIO PRENSA CLUTCH | D43: UND
A44: 37 | B44: 781815 | C44: CAMBIO PORTA DISCO | D44: UND
A45: 38 | B45: 781815 | C45: CAMBIO TAPA DE PRENSA | D45: UND
A46: 39 | B46: 781815 | C46: CAMBIO EMPAQUE TAPA CLUTCH | D46: UND
A47: 40 | B47: 781815 | C47: CAMBIO ANILLO CLUTCH ESPECIAL | D47: UND
A48: 41 | B48: 781815 | C48: CAMBIO EMPAQUE TAPA VOLANTE | D48: UND
A49: 42 | B49: 781815 | C49: CAMBIO PALANCA DE CAMBIOS | D49: UND
C50: TRANSMISIÓN
A51: 43 | B51: 781815 | C51: CAMBIO KIT DE ARRASTRE (CATALINA, PIÑON Y CADENA) | D51: GENERAL
A52: 44 | B52: 781815 | C52: CAMBIO ESPARRAGOS CATALINA | D52: UND
A53: 45 | B53: 781815 | C53: CAMBIO TUERCAS CATALINA | D53: UND
A54: 46 | B54: 781815 | C54: CAMBIO CHAVETA PIÑON ARRASTRE | D54: UND
A55: 47 | B55: 781815 | C55: CAMBIO DESLIZANTE CADENA | D55: UND
A56: 48 | B56: 781815 | C56: CAMBIO TENSOR CADENA | D56: UND
A57: 49 | B57: 781815 | C57: CAMBIO TAPA TENSOR CADENA | D57: UND
C58: SISTEMA ELÉCTRICO
A59: 50 | B59: 781815 | C59: CAMBIO BUJÍA | D59: UND
A60: 51 | B60: 781815 | C60: CAMBIO BOMBILLO STOP | D60: UND
A61: 52 | B61: 781815 | C61: CAMBIO BOMBILLO DIRECCIONAL | D61: UND
A62: 53 | B62: 781815 | C62: CAMBIO BOMBILLO FAROLA | D62: UND
A63: 54 | B63: 781815 | C63: CAMBIO BOBINA DE IGNICIÓN | D63: UND
A64: 55 | B64: 781815 | C64: CAMBIO BATERÍA | D64: UND
A65: 56 | B65: 781815 | C65: CAMBIO PITO | D65: UND
A66: 57 | B66: 781815 | C66: CAMBIO MOTOR DE ARRANQUE COMPLETO | D66: UND
A67: 58 | B67: 781815 | C67: CAMBIO RETEN MOTOR ARRANQUE | D67: UND
A68: 59 | B68: 781815 | C68: CAMBIO PERA FRENO DELANTERO | D68: UND
A69: 60 | B69: 781815 | C69: CAMBIO PERA FRENO TRASERO | D69: UND
A70: 61 | B70: 781815 | C70: CAMBIO RESORTE PERA FRENO | D70: UND
... A79: 70 | B79: 781815 | C79: REVISION ELECTRICA | D79: UND
C80: CARBURACIÓN
A81: 71 | B81: 781815 | C81: CAMBIO CAPUCHÓN BUJÍA | D81: UND
A82: 72 | B82: 781815 | C82: CAMBIO ORING DISTRIBUCIÓN | D82: UND
A83: 73 | B83: 781815 | C83: SINCRONIZACIÓN (MANTENIMIENTO CUERPO DE ACELERACIÓN, MANTENIMIENTO DE INYECTORES) | D83: GRL
A84: 74 | B84: 781815 | C84: CAMBIO SOLENOIDE VÁLVULA | D84: UND
C85: FRENOS Y RODAMIENTO
A86: 75 | B86: 781815 | C86: CAMBIO RETENES TELESCÓPICOS | D86: JUEGO
A87: 76 | B87: 781815 | C87: MANTENIMIENTO FRENO DELANTERO (CAMBIO LIQUIDO, CAMBIO CHUPAS, CAMBIO DE RETENEDORES DE MORDAZA Y LAVADO) | D87: GLOBAL
A88: 77 | B88: 781815 | C88: MANTENIMIENTO FRENO TRASERO (CAMBIO LIQUIDO, CAMBIO CHUPAS, CAMBIO DE RETENEDORES DE MORDAZA Y LAVADO) | D88: GLOBAL
A89: 78 | B89: 781815 | C89: EXTRACCIÓN, RECTIFICADA Y CAMBIO TORNILLO MORDAZA | D89: UND
A90: 79 | B90: 781815 | C90: CAMBIO DISCO FRENO DELANTERO | D90: UND
A91: 80 | B91: 781815 | C91: CAMBIO DISCO FRENO TRASERO | D91: UND
A92: 81 | B92: 781815 | C92: CAMBIO PASTILLAS DELANTERAS | D92: JUEGO
A93: 82 | B93: 781815 | C93: CAMBIO CHUPAS DE FRENO DELANTERO | D93: UND
A94: 83 | B94: 781815 | C94: CAMBIO CHUPAS DE FRENO TRASERO | D94: UND
A95: 84 | B95: 781815 | C95: CAMBIO RESORTE PEDAL FRENO | D95: UND
A96: 85 | B96: 781815 | C96: CAMBIO BALINERAS DELANTERAS | D96: JUEGO
A97: 86 | B97: 781815 | C97: CAMBIO BALINERAS TRASERA | D97: JUEGO
... A108: 97 | B108: 781815 | C108: CAMBIO TORNILLOS TRAPECIO | D108: UND
C109: VARIOS
A110: 98 | B110: 781815 | C110: ARREGLO PARRILLA (SOLDADURA) | D110: GENERAL
A111: 99 | B111: 781815 | C111: TAPIZADO SILLÍN | D111: UND
A112: 100 | B112: 781815 | C112: SELLADA EXOSTO | D112: UND
A113: 101 | B113: 781815 | C113: CAMBIO EMBLEMAS INSTITUCIONALES LETREROS (POLICIA) | D113: JUEGO
A114: 102 | B114: 781815 | C114: CAMBIO EMBLEMAS INSTITUCIONALES (ESCUDOS) | D114: JUEGO
A115: 103 | B115: 781815 | C115: CAMBIO TORNILLO LUBRICACION | D115: UND
A116: 104 | B116: 781815 | C116: CAMBIO ARANDELA PLANA | D116: UNIDAD
A117: 105 | B117: 781815 | C117: CAMBIO MANGUERA LUBRICACION | D117: UNIDAD
A118: Total Incuidos Impuestos y Demas gastos y Gravamenes a los que Haya Lugar
A120: NOTA 1: Los valores con decimales deben aproximarse al número mas cercano y solo se tendrá en cuenta el valor entero.
A121: NOTA 2: Los valores unitarios y totales acá descritos contienen los impuestos, gravámenes y demás gastos a los que haya lugar
A122: NOTA 3: El valor total unitario determinado con la sumatoria de todos los ítems será la referencia para determinar el menor precio y es el mismo que el oferente deberá tener en cuenta para realizar la oferta económica.
A123: NOTA 4: El valor del presupuesto establecido por la entidad para este proceso contractual es una Bolsa a monto agotable, por lo tanto, no podra ser cambiado ni modificado.
A124: En aceptación al ofrecimiento de la oferta económica se firma en la ciudad de xxxxxxxxxxxxx, a los xxxxxx (xx) días, del mes xxx ,del año 202x
A125: _____________________________________________ FIRMA: NOMBRE DEL REPRESENTANTE LEGAL : NOMBRE O RAZON SOCIAL: NIT O CC.: DIRECCIÓN: CIUDAD: TELEFONO: E-MAIL:

Sheet 1E. M 5 
A1: FORD OSA 785 MODELO: 2001
A2: 1 | C2: GRUPOS
A3: GRUPO 001. SISTEMA DE VENTILACION, CALEFACCION Y AIRE ACONDICIONADO | D3: MANTENIMIENTO | E3: REPUESTOS | F3: TOTAL
A4: CONCEPTO
A5: 001 | B5: BVB-001-001 | C5: Condensador, Ensamble de Radiador - Q y P
A6: 001 | B6: BVB-001-002 | C6: Reparacion condesador
A7: 001 | B7: BVB-001-003 | C7: Ventilador condensador Q y P
A8: 001 | B8: BVB-001-004 | C8: Lavado interno condensador (barrido)
A9: 001 | B9: BVB-001-005 | C9: Evaporador - Q y P
A10: 001 | B10: BVB-001-006 | C10: Reparacion evaporador
A11: 001 | B11: BVB-001-007 | C11: Lavado interno evaporador (barrido)
A12: 001 | B12: BVB-001-008 | C12: Válvula de Expansión - Q y P
A13: 001 | B13: BVB-001-009 | C13: Manguera de aire acondiconado Q yP
A14: 001 | B14: BVB-001-010 | C14: Ensamblar manguera de aire acondicionado
A15: 001 | B15: BVB-001-011 | C15: Ensamblar tubo de aire acondicionado
A16: 001 | B16: BVB-001-012 | C16: Barrido o limpieza tubo de aire acondicionado C/U
... A46: 001 | B46: BVB-001-042 | C46: Diagnostico codigos de falla del aire acondicionado
C47: TOTAL
A48: GRUPO 002. MOTOR
A49: CONCEPTO
A50: 002 | B50: BVB-002-001 | C50: Diagnostico electronico de motor
A51: 002 | B51: BVB-002-002 | C51: Modulo de motor D y M
A52: 002 | B52: BVB-002-003 | C52: Reparacion harnes electrico de motor
A53: 002 | B53: BVB-002-004 | C53: Harnes de motor D y M
A54: 002 | B54: BVB-002-005 | C54: Programacion modulo de motor
A55: 002 | B55: BVB-002-006 | C55: Calibracion modulo de motor
A56: 002 | B56: BVB-002-007 | C56: Escaner
A57: 002 | B57: BVB-002-008 | C57: Sensor de motor D y M
A58: 002 | B58: BVB-002-009 | C58: Actuador de motor D y M
A59: 002 | B59: BVB-002-010 | C59: Solenoide D y M
A60: 002 | B60: BVB-002-011 | C60: diagnostico de motor
A61: 002 | B61: BVB-002-012 | C61: Reparacion parcial de motor (6 CILINDROS)
... A142: 002 | B142: BVB-002-100 | C142: Reparacaion corto electrico
C143: TOTAL
A144: GRUPO 003 . FRENOS
A145: CONCEPTO
A146: 003 | B146: BVB-003-001 | C146: Rueda delantera Q y P
A147: 003 | B147: BVB-003-002 | C147: Soporte de la leva del freno (uno) - Q y P
A148: 003 | B148: BVB-003-003 | C148: Sellos y Eje de levas de los frenos (uno) - Q y P
A149: 003 | B149: BVB-003-004 | C149: Recámara de aire de los frenos delanteros (una) - Q y P
A150: 003 | B150: BVB-003-006 | C150: Zapatas de los frenos (una sola rueda) - Q y P
A151: 003 | B151: BVB-003-007 | C151: Ajustador del freno - delantero (uno) - Q y P
A152: 003 | B152: BVB-003-009 | C152: Estructura de Soporte de la recámara de los frenos - Q y P
A153: 003 | B153: BVB-003-010 | C153: Tubo de soporte de freno de leva (tubo estilo mordaza) Q y P
A154: 003 | B154: BVB-003-012 | C154: Collarin rueda Q y P
A155: 003 | B155: BVB-003-013 | C155: Protector de polvo o guardapolvo de los frenos - Q y P
A156: 003 | B156: BVB-003-014 | C156: Ajustador del freno - Trasero (uno) - Q y P
A157: 003 | B157: BVB-003-015 | C157: Rueda trasera Q y P
... A230: 003 | B230: BVB-003-090 | C230: Diagnóstico del ABS con códigos de falla
C231: TOTAL
A232: GRUPO 004. DIRECCION
A233: CONCEPTO
A234: 004 | B234: BVB-004-001 | C234: Volante de Dirección Q y P
A235: 004 | B235: BVB-004-002 | C235: Columna de Dirección, no ajustable - Q y P
A236: 004 | B236: BVB-004-003 | C236: Columna de Dirección, Ajustable - Q y P
A237: 004 | B237: BVB-004-004 | C237: Pedal y cable de liberación a distancia para inclinar - Q y P
A238: 004 | B238: BVB-004-006 | C238: reparacion botella de direccion
A239: 004 | B239: BVB-004-008 | C239: Botella de direccion Q y P
A240: 004 | B240: BVB-004-009 | C240: Cambio de empaquetadura botela de direccion
A241: 004 | B241: BVB-004-010 | C241: Cambio de empaquetadura botella auxiliar de direccion
A242: 004 | B242: BVB-004-011 | C242: Sello de aceite de la caja de engranes de la dirección hidráulica, flecha de entrada - Q y P.
A243: 004 | B243: BVB-004-012 | C243: Sello de aceite de la caja de engranes de la dirección hidráulica, flecha de salida - Q y P
A244: 004 | B244: BVB-004-013 | C244: Flecha de mando de la dirección - Engranaje al piso - Q y P
A245: 004 | B245: BVB-004-014 | C245: Botella auxiliar de la dirección hidráulica - Q y P
... A270: 004 | B270: BVB-004-XXX | C270: Dirección - Mano de Obra Miscelánea
C271: TOTAL
A272: GRUPO 005. SUSPENSIÓN
A273: CONCEPTO
A274: 005 | B274: BVB-005-001 | C274: Soporte de la sapa del muelle delantera en la suspensión delantera - Q y P C/U
A275: 005 | B275: BVB-005-002 | C275: Perno o pasador de la suspensión delantera, muelle delantera - Q y P
A276: 005 | B276: BVB-005-003 | C276: Cambio de el buje del muelle delantera en la suspensión delantera
A277: 005 | B277: BVB-005-004 | C277: Bloque espaciador de la suspensión delantera, muelle delantera - Q y P
A278: 005 | B278: BVB-005-005 | C278: Ensamble del muelle de la suspensión delantera - Q y P
A279: 005 | B279: BVB-005-006 | C279: Tornillo central del muelle en la suspensión delantera - Q y P
A280: 005 | B280: BVB-005-007 | C280: Soporte de tope de la suspensión delantera Q y P
A281: 005 | B281: BVB-005-008 | C281: Defensa de la suspensión delantera, goma, Asiento de Muelle - Q y P
A282: 005 | B282: BVB-005-009 | C282: Tornillos U de la suspensión delantera (dos), muelle delantera - Q y P
A283: 005 | B283: BVB-005-010 | C283: Columpios o Estribos de la suspensión delantera, parte trasera de la muelle (un juego) - Q y P
A284: 005 | B284: BVB-005-011 | C284: sapo de soporte de muelle delantero parte trasera - reemplazar buje
A285: 005 | B285: BVB-005-012 | C285: Tornillos U de la suspensión trasera (dos), muelle trasera - Q y P
... A305: 005 | B305: BVB-005-032 | C305: Soporte amoritguador trasero
C306: TOTAL
A307: GRUPO 006. RUEDAS, RINES, CUBOS Y RODAMIENTOS
A308: CONCEPTO
A309: 006 | B309: BVB-006-001 | C309: Ensamble de la maza delantera - Q y P.
A310: 006 | B310: BVB-006-002 | C310: Frenos de Disco, del Ensamble de la maza delantera.
A311: 006 | B311: BVB-006-003 | C311: Tapaderas - Q y P del Ensamble de la maza delantera.
A312: 006 | B312: BVB-006-004 | C312: Sello de la maza de la rueda delantera (una) - Q y P
A313: 006 | B313: BVB-006-005 | C313: Baleros y Sellos de las ruedas delanteras - Q y P
A314: 006 | B314: BVB-006-006 | C314: Baleros de ajuste de la rueda delantera (uno) - Q y P
A315: 006 | B315: BVB-006-007 | C315: Maza Delantera, Tabor y Rueda Como un Ensamble Q y p
A316: 006 | B316: BVB-006-008 | C316: Sello de la maza de la rueda trasera (una) - Q y P
A317: 006 | B317: BVB-006-009 | C317: Maza trasera, tambor y rueda como ensamble Q y P
A318: 006 | B318: BVB-006-010 | C318: Ensamble de maza Trasera (uno) - Q y P incluye
A319: 006 | B319: BVB-006-012 | C319: Ensamble de la llanta y la rueda (delanteras) - Q y P
A320: 006 | B320: BVB-006-013 | C320: Ensamble de la llanta y la rueda (traseras) - Q y P
... A322: 006 | B322: BVB-006-XXX | C322: Ruedas y Mazas - Mano de Obra Miscelánea
C323: TOTAL
A324: GRUPO 007. EMBRAGUE
A325: CONCEPTO
...

Sheet 2E. MAQ 18 
A1: FREIGTHLINNER MERCEDES MODELO: 2003
A2: 2 | C2: GRUPOS
A3: GRUPO 001. SISTEMA DE VENTILACION, CALEFACCION Y AIRE ACONDICIONADO | D3: MANTENIMIENTO | E3: REPUESTOS | F3: TOTAL
A4: CONCEPTO
A5: 001 | B5: BVB-001-001 | C5: Condensador, Ensamble de Radiador - Q y P
A6: 001 | B6: BVB-001-002 | C6: Reparacion condesador
A7: 001 | B7: BVB-001-003 | C7: Ventilador condensador Q y P
A8: 001 | B8: BVB-001-004 | C8: Lavado interno condensador (barrido)
A9: 001 | B9: BVB-001-005 | C9: Evaporador - Q y P
A10: 001 | B10: BVB-001-006 | C10: Reparacion evaporador
A11: 001 | B11: BVB-001-007 | C11: Lavado interno evaporador (barrido)
A12: 001 | B12: BVB-001-008 | C12: Válvula de Expansión - Q y P
A13: 001 | B13: BVB-001-009 | C13: Manguera de aire acondiconado Q yP
A14: 001 | B14: BVB-001-010 | C14: Ensamblar manguera de aire acondicionado
A15: 001 | B15: BVB-001-011 | C15: Ensamblar tubo de aire acondicionado
A16: 001 | B16: BVB-001-012 | C16: Barrido o limpieza tubo de aire acondicionado C/U
... A46: 001 | B46: BVB-001-042 | C46: Diagnostico codigos de falla del aire acondicionado
C47: TOTAL
A48: GRUPO 002. MOTOR
A49: CONCEPTO
A50: 002 | B50: BVB-002-001 | C50: Diagnostico electronico de motor
A51: 002 | B51: BVB-002-002 | C51: Modulo de motor D y M
A52: 002 | B52: BVB-002-003 | C52: Reparacion harnes electrico de motor
A53: 002 | B53: BVB-002-004 | C53: Harnes de motor D y M
A54: 002 | B54: BVB-002-005 | C54: Programacion modulo de motor
A55: 002 | B55: BVB-002-006 | C55: Calibracion modulo de motor
A56: 002 | B56: BVB-002-007 | C56: Escaner
A57: 002 | B57: BVB-002-008 | C57: Sensor de motor D y M
A58: 002 | B58: BVB-002-009 | C58: Actuador de motor D y M
A59: 002 | B59: BVB-002-010 | C59: Solenoide D y M
A60: 002 | B60: BVB-002-011 | C60: diagnostico de motor
A61: 002 | B61: BVB-002-012 | C61: Reparacion parcial de motor (6 CILINDROS)
... A142: 002 | B142: BVB-002-100 | C142: Reparacaion corto electrico
C143: TOTAL
A144: GRUPO 003 . FRENOS
A145: CONCEPTO
A146: 003 | B146: BVB-003-001 | C146: Rueda delantera Q y P
A147: 003 | B147: BVB-003-002 | C147: Soporte de la leva del freno (uno) - Q y P
A148: 003 | B148: BVB-003-003 | C148: Sellos y Eje de levas de los frenos (uno) - Q y P
A149: 003 | B149: BVB-003-004 | C149: Recámara de aire de los frenos delanteros (una) - Q y P
A150: 003 | B150: BVB-003-006 | C150: Zapatas de los frenos (una sola rueda) - Q y P
A151: 003 | B151: BVB-003-007 | C151: Ajustador del freno - delantero (uno) - Q y P
A152: 003 | B152: BVB-003-009 | C152: Estructura de Soporte de la recámara de los frenos - Q y P
A153: 003 | B153: BVB-003-010 | C153: Tubo de soporte de freno de leva (tubo estilo mordaza) Q y P
A154: 003 | B154: BVB-003-012 | C154: Collarin rueda Q y P
A155: 003 | B155: BVB-003-013 | C155: Protector de polvo o guardapolvo de los frenos - Q y P
A156: 003 | B156: BVB-003-014 | C156: Ajustador del freno - Trasero (uno) - Q y P
A157: 003 | B157: BVB-003-015 | C157: Rueda trasera Q y P
... A230: 003 | B230: BVB-003-090 | C230: Diagnóstico del ABS con códigos de falla
C231: TOTAL
A232: GRUPO 004. DIRECCION
A233: CONCEPTO
A234: 004 | B234: BVB-004-001 | C234: Volante de Dirección Q y P
A235: 004 | B235: BVB-004-002 | C235: Columna de Dirección, no ajustable - Q y P
A236: 004 | B236: BVB-004-003 | C236: Columna de Dirección, Ajustable - Q y P
A237: 004 | B237: BVB-004-004 | C237: Pedal y cable de liberación a distancia para inclinar - Q y P
A238: 004 | B238: BVB-004-006 | C238: reparacion botella de direccion
A239: 004 | B239: BVB-004-007 | C239: reparacion cremallera de direccion
A240: 004 | B240: BVB-004-008 | C240: Botella de direccion Q y P
A241: 004 | B241: BVB-004-009 | C241: Cambio de empaquetadura botela de direccion
A242: 004 | B242: BVB-004-010 | C242: Cambio de empaquetadura botella auxiliar de direccion
A243: 004 | B243: BVB-004-011 | C243: Sello de aceite de la caja de engranes de la dirección hidráulica, flecha de entrada - Q y P.
A244: 004 | B244: BVB-004-012 | C244: Sello de aceite de la caja de engranes de la dirección hidráulica, flecha de salida - Q y P
A245: 004 | B245: BVB-004-013 | C245: Flecha de mando de la dirección - Engranaje al piso - Q y P
... A271: 004 | B271: BVB-004-XXX | C271: Dirección - Mano de Obra Miscelánea
C272: TOTAL
A273: GRUPO 005. SUSPENSIÓN
A274: CONCEPTO
A275: 005 | B275: BVB-005-001 | C275: Soporte de la sapa del muelle delantera en la suspensión delantera - Q y P C/U
A276: 005 | B276: BVB-005-002 | C276: Perno o pasador de la suspensión delantera, muelle delantera - Q y P
A277: 005 | B277: BVB-005-003 | C277: Cambio de el buje del muelle delantera en la suspensión delantera
A278: 005 | B278: BVB-005-004 | C278: Bloque espaciador de la suspensión delantera, muelle delantera - Q y P
A279: 005 | B279: BVB-005-005 | C279: Ensamble del muelle de la suspensión delantera - Q y P
A280: 005 | B280: BVB-005-006 | C280: Tornillo central del muelle en la suspensión delantera - Q y P
A281: 005 | B281: BVB-005-007 | C281: Soporte de tope de la suspensión delantera Q y P
A282: 005 | B282: BVB-005-008 | C282: Defensa de la suspensión delantera, goma, Asiento de Muelle - Q y P
A283: 005 | B283: BVB-005-009 | C283: Tornillos U de la suspensión delantera (dos), muelle delantera - Q y P
A284: 005 | B284: BVB-005-010 | C284: Columpios o Estribos de la suspensión delantera, parte trasera de la muelle (un juego) - Q y P
A285: 005 | B285: BVB-005-011 | C285: sapo de soporte de muelle delantero parte trasera - reemplazar buje
A286: 005 | B286: BVB-005-012 | C286: Tornillos U de la suspensión trasera (dos), muelle trasera - Q y P
... A330: 005 | B330: BVB-005-XXX | C330: Suspensión - Mano de Obra Miscelánea
C331: TOTAL
A332: GRUPO 006. RUEDAS, RINES, CUBOS Y RODAMIENTOS
A333: CONCEPTO
A334: 006 | B334: BVB-006-001 | C334: Ensamble de la maza delantera - Q y P.
A335: 006 | B335: BVB-006-002 | C335: Frenos de Disco, del Ensamble de la maza delantera.
A336: 006 | B336: BVB-006-003 | C336: Tapaderas - Q y P del Ensamble de la maza delantera.
A337: 006 | B337: BVB-006-004 | C337: Sello de la maza de la rueda delantera (una) - Q y P
A338: 006 | B338: BVB-006-005 | C338: Baleros y Sellos de las ruedas delanteras - Q y P
A339: 006 | B339: BVB-006-006 | C339: Baleros de ajuste de la rueda delantera (uno) - Q y P
A340: 006 | B340: BVB-006-007 | C340: Maza Delantera, Tabor y Rueda Como un Ensamble Q y p
A341: 006 | B341: BVB-006-008 | C341: Sello de la maza de la rueda trasera (una) - Q y P
A342: 006 | B342: BVB-006-009 | C342: Maza trasera, tambor y rueda como ensamble Q y P
A343: 006 | B343: BVB-006-010 | C343: Ensamble de maza Trasera (uno) - Q y P incluye
A344: 006 | B344: BVB-006-012 | C344: Ensamble de la llanta y la rueda (delanteras) - Q y P
A345: 006 | B345: BVB-006-013 | C345: Ensamble de la llanta y la rueda (traseras) - Q y P
... A347: 006 | B347: BVB-006-XXX | C347: Ruedas y Mazas - Mano de Obra Miscelánea
C348: TOTAL
A349: GRUPO 007. EMBRAGUE
A350: CONCEPTO
...

Sheet 3E. MAQ 19 
A1: TOYOTA FJ 25 OSA 783 MODELO: 2006
A2: 3 | C2: GRUPOS
A3: GRUPO 001. SISTEMA DE VENTILACION, CALEFACCION Y AIRE ACONDICIONADO | D3: MANTENIMIENTO | E3: REPUESTOS | F3: TOTAL
A4: CONCEPTO
A5: 001 | B5: BVB-001-001 | C5: Condensador, Ensamble de Radiador - Q y P
A6: 001 | B6: BVB-001-002 | C6: Reparacion condesador
A7: 001 | B7: BVB-001-003 | C7: Ventilador condensador Q y P
A8: 001 | B8: BVB-001-004 | C8: Lavado interno condensador (barrido)
A9: 001 | B9: BVB-001-005 | C9: Evaporador - Q y P
A10: 001 | B10: BVB-001-006 | C10: Reparacion evaporador
A11: 001 | B11: BVB-001-007 | C11: Lavado interno evaporador (barrido)
A12: 001 | B12: BVB-001-008 | C12: Válvula de Expansión - Q y P
A13: 001 | B13: BVB-001-009 | C13: Manguera de aire acondiconado Q yP
A14: 001 | B14: BVB-001-010 | C14: Ensamblar manguera de aire acondicionado
A15: 001 | B15: BVB-001-011 | C15: Ensamblar tubo de aire acondicionado
A16: 001 | B16: BVB-001-012 | C16: Barrido o limpieza tubo de aire acondicionado C/U
... A46: 001 | B46: BVB-001-042 | C46: Diagnostico codigos de falla del aire acondicionado
C47: TOTAL
A48: GRUPO 002. MOTOR
A49: CONCEPTO
A50: 002 | B50: BVB-002-001 | C50: Diagnostico electronico de motor
A51: 002 | B51: BVB-002-002 | C51: Modulo de motor D y M
A52: 002 | B52: BVB-002-003 | C52: Reparacion harnes electrico de motor
A53: 002 | B53: BVB-002-004 | C53: Harnes de motor D y M
A54: 002 | B54: BVB-002-005 | C54: Programacion modulo de motor
A55: 002 | B55: BVB-002-006 | C55: Calibracion modulo de motor
A56: 002 | B56: BVB-002-007 | C56: Escaner
A57: 002 | B57: BVB-002-008 | C57: Sensor de motor D y M
A58: 002 | B58: BVB-002-009 | C58: Actuador de motor D y M
A59: 002 | B59: BVB-002-010 | C59: Solenoide D y M
A60: 002 | B60: BVB-002-011 | C60: diagnostico de motor
A61: 002 | B61: BVB-002-012 | C61: Reparacion parcial de motor (6 CILINDROS)
... A142: 002 | B142: BVB-002-100 | C142: Reparacaion corto electrico
C143: TOTAL
A144: GRUPO 003 . FRENOS
A145: CONCEPTO
A146: 003 | B146: BVB-003-001 | C146: Rueda delantera Q y P
A147: 003 | B147: BVB-003-002 | C147: Ensamble Caliper del freno (una sola rueda) - Q y P
A148: 003 | B148: BVB-003-003 | C148: Zapatas de los frenos (una sola rueda) - Q y P
A149: 003 | B149: BVB-003-004 | C149: Ajustador del freno - delantero (uno) - Q y P
A150: 003 | B150: BVB-003-005 | C150: Rotor, disco del freno (uno) - Q y P
A151: 003 | B151: BVB-003-006 | C151: Reparacion Caliper del disco de freno - Q y P incluye: rueda - Q y P
A152: 003 | B152: BVB-003-007 | C152: Collarin rueda Q y P
A153: 003 | B153: BVB-003-008 | C153: Protector de polvo o guardapolvo de los frenos - Q y P
A154: 003 | B154: BVB-003-009 | C154: Ajustador del freno - Trasero (uno) - Q y P
A155: 003 | B155: BVB-003-010 | C155: Rueda trasera Q y P
A156: 003 | B156: BVB-003-011 | C156: Campana de freno trasero Q y P
A157: 003 | B157: BVB-003-012 | C157: Campana de freno delantero Q y p
... A161: 003 | B161: BVB-003-016 | C161: bomba de freno Q y P
C162: TOTAL
A163: GRUPO 004. DIRECCION
A164: CONCEPTO
A165: 004 | B165: BVB-004-001 | C165: Volante de Dirección Q y P
A166: 004 | B166: BVB-004-002 | C166: Columna de Dirección, no ajustable - Q y P
A167: 004 | B167: BVB-004-003 | C167: Columna de Dirección, Ajustable - Q y P
A168: 004 | B168: BVB-004-004 | C168: Pedal y cable de liberación a distancia para inclinar - Q y P
A169: 004 | B169: BVB-004-006 | C169: reparacion botella de direccion
A170: 004 | B170: BVB-004-008 | C170: Botella de direccion Q y P
A171: 004 | B171: BVB-004-009 | C171: Cambio de empaquetadura botela de direccion
A172: 004 | B172: BVB-004-010 | C172: Cambio de empaquetadura botella auxiliar de direccion
A173: 004 | B173: BVB-004-011 | C173: Sello de aceite de la caja de engranes de la dirección hidráulica, flecha de entrada - Q y P.
A174: 004 | B174: BVB-004-012 | C174: Sello de aceite de la caja de engranes de la dirección hidráulica, flecha de salida - Q y P
A175: 004 | B175: BVB-004-013 | C175: Flecha de mando de la dirección - Engranaje al piso - Q y P
A176: 004 | B176: BVB-004-014 | C176: Botella auxiliar de la dirección hidráulica - Q y P
... A201: 004 | B201: BVB-004-XXX | C201: Dirección - Mano de Obra Miscelánea
C202: TOTAL
A203: GRUPO 005. SUSPENSIÓN
A204: CONCEPTO
A205: 005 | B205: BVB-005-001 | C205: Soporte de la sapa del muelle delantera en la suspensión delantera - Q y P C/U
A206: 005 | B206: BVB-005-002 | C206: Perno o pasador de la suspensión delantera, muelle delantera - Q y P
A207: 005 | B207: BVB-005-003 | C207: Cambio de el buje del muelle delantera en la suspensión delantera
A208: 005 | B208: BVB-005-004 | C208: Bloque espaciador de la suspensión delantera, muelle delantera - Q y P
A209: 005 | B209: BVB-005-005 | C209: Ensamble del muelle de la suspensión delantera - Q y P
A210: 005 | B210: BVB-005-006 | C210: Tornillo central del muelle en la suspensión delantera - Q y P
A211: 005 | B211: BVB-005-007 | C211: Soporte de tope de la suspensión delantera Q y P
A212: 005 | B212: BVB-005-008 | C212: Defensa de la suspensión delantera, goma, Asiento de Muelle - Q y P
A213: 005 | B213: BVB-005-009 | C213: Tornillos U de la suspensión delantera (dos), muelle delantera - Q y P
A214: 005 | B214: BVB-005-010 | C214: Columpios o Estribos de la suspensión delantera, parte trasera de la muelle (un juego) - Q y P
A215: 005 | B215: BVB-005-011 | C215: sapo de soporte de muelle delantero parte trasera - reemplazar buje
A216: 005 | B216: BVB-005-012 | C216: Tornillos U de la suspensión trasera (dos), muelle trasera - Q y P
... A236: 005 | B236: BVB-005-032 | C236: Soporte amoritguador trasero
C237: TOTAL
A238: GRUPO 006. RUEDAS, RINES, CUBOS Y RODAMIENTOS
A239: CONCEPTO
A240: 006 | B240: BVB-006-001 | C240: Ensamble de la maza delantera - Q y P.
A241: 006 | B241: BVB-006-002 | C241: Frenos de Disco, del Ensamble de la maza delantera.
A242: 006 | B242: BVB-006-003 | C242: Tapaderas - Q y P del Ensamble de la maza delantera.
A243: 006 | B243: BVB-006-004 | C243: Sello de la maza de la rueda delantera (una) - Q y P
A244: 006 | B244: BVB-006-005 | C244: Baleros y Sellos de las ruedas delanteras - Q y P
A245: 006 | B245: BVB-006-006 | C245: Baleros de ajuste de la rueda delantera (uno) - Q y P
A246: 006 | B246: BVB-006-007 | C246: Maza Delantera, Tabor y Rueda Como un Ensamble Q y p
A247: 006 | B247: BVB-006-008 | C247: Sello de la maza de la rueda trasera (una) - Q y P
A248: 006 | B248: BVB-006-009 | C248: Maza trasera, tambor y rueda como ensamble Q y P
A249: 006 | B249: BVB-006-010 | C249: Ensamble de maza Trasera (uno) - Q y P incluye
A250: 006 | B250: BVB-006-011 | C250: Ensamble de la llanta y la rueda (delanteras) - Q y P
A251: 006 | B251: BVB-006-012 | C251: Ensamble de la llanta y la rueda (traseras) - Q y P
... A253: 006 | B253: BVB-006-XXX | C253: Ruedas y Mazas - Mano de Obra Miscelánea
C254: TOTAL
A255: GRUPO 007. EMBRAGUE
A256: CONCEPTO
...

Sheet 4E. MAQ 20 
A1: INTERNATIONAL OSA 784 MODELO: 2006
A2: 4 | C2: GRUPOS
A3: GRUPO 001. SISTEMA DE VENTILACION, CALEFACCION Y AIRE ACONDICIONADO | D3: MANTENIMIENTO | E3: REPUESTOS | F3: TOTAL
A4: CONCEPTO
A5: 001 | B5: BVB-001-001 | C5: Condensador, Ensamble de Radiador - Q y P
A6: 001 | B6: BVB-001-002 | C6: Reparacion condesador
A7: 001 | B7: BVB-001-003 | C7: Ventilador condensador Q y P
A8: 001 | B8: BVB-001-004 | C8: Lavado interno condensador (barrido)
A9: 001 | B9: BVB-001-005 | C9: Evaporador - Q y P
A10: 001 | B10: BVB-001-006 | C10: Reparacion evaporador
A11: 001 | B11: BVB-001-007 | C11: Lavado interno evaporador (barrido)
A12: 001 | B12: BVB-001-008 | C12: Válvula de Expansión - Q y P
A13: 001 | B13: BVB-001-009 | C13: Manguera de aire acondiconado Q yP
A14: 001 | B14: BVB-001-010 | C14: Ensamblar manguera de aire acondicionado
A15: 001 | B15: BVB-001-011 | C15: Ensamblar tubo de aire acondicionado
A16: 001 | B16: BVB-001-012 | C16: Barrido o limpieza tubo de aire acondicionado C/U
... A46: 001 | B46: BVB-001-042 | C46: Diagnostico codigos de falla del aire acondicionado
C47: TOTAL
A48: GRUPO 002. MOTOR
A49: CONCEPTO
A50: 002 | B50: BVB-002-001 | C50: Diagnostico electronico de motor
A51: 002 | B51: BVB-002-002 | C51: Modulo de motor D y M
A52: 002 | B52: BVB-002-003 | C52: Reparacion harnes electrico de motor
A53: 002 | B53: BVB-002-004 | C53: Harnes de motor D y M
A54: 002 | B54: BVB-002-005 | C54: Programacion modulo de motor
A55: 002 | B55: BVB-002-006 | C55: Calibracion modulo de motor
A56: 002 | B56: BVB-002-007 | C56: Escaner
A57: 002 | B57: BVB-002-008 | C57: Sensor de motor D y M
A58: 002 | B58: BVB-002-009 | C58: Actuador de motor D y M
A59: 002 | B59: BVB-002-010 | C59: Solenoide D y M
A60: 002 | B60: BVB-002-011 | C60: diagnostico de motor
A61: 002 | B61: BVB-002-012 | C61: Reparacion parcial de motor (6 CILINDROS)
... A142: 002 | B142: BVB-002-100 | C142: Reparacaion corto electrico
C143: TOTAL
A144: GRUPO 003 . FRENOS
A145: CONCEPTO
A146: 003 | B146: BVB-003-001 | C146: Rueda delantera Q y P
A147: 003 | B147: BVB-003-002 | C147: Soporte de la leva del freno (uno) - Q y P
A148: 003 | B148: BVB-003-003 | C148: Sellos y Eje de levas de los frenos (uno) - Q y P
A149: 003 | B149: BVB-003-004 | C149: Recámara de aire de los frenos delanteros (una) - Q y P
A150: 003 | B150: BVB-003-006 | C150: Zapatas de los frenos (una sola rueda) - Q y P
A151: 003 | B151: BVB-003-007 | C151: Ajustador del freno - delantero (uno) - Q y P
A152: 003 | B152: BVB-003-009 | C152: Estructura de Soporte de la recámara de los frenos - Q y P
A153: 003 | B153: BVB-003-010 | C153: Tubo de soporte de freno de leva (tubo estilo mordaza) Q y P
A154: 003 | B154: BVB-003-012 | C154: Collarin rueda Q y P
A155: 003 | B155: BVB-003-013 | C155: Protector de polvo o guardapolvo de los frenos - Q y P
A156: 003 | B156: BVB-003-014 | C156: Ajustador del freno - Trasero (uno) - Q y P
A157: 003 | B157: BVB-003-015 | C157: Rueda trasera Q y P
... A230: 003 | B230: BVB-003-090 | C230: Diagnóstico del ABS con códigos de falla
C231: TOTAL
A232: GRUPO 004. DIRECCION
A233: CONCEPTO
A234: 004 | B234: BVB-004-001 | C234: Volante de Dirección Q y P
A235: 004 | B235: BVB-004-002 | C235: Columna de Dirección, no ajustable - Q y P
A236: 004 | B236: BVB-004-003 | C236: Columna de Dirección, Ajustable - Q y P
A237: 004 | B237: BVB-004-004 | C237: Pedal y cable de liberación a distancia para inclinar - Q y P
A238: 004 | B238: BVB-004-006 | C238: reparacion botella de direccion
A239: 004 | B239: BVB-004-007 | C239: reparacion cremallera de direccion
A240: 004 | B240: BVB-004-008 | C240: Botella de direccion Q y P
A241: 004 | B241: BVB-004-009 | C241: Cambio de empaquetadura botela de direccion
A242: 004 | B242: BVB-004-010 | C242: Cambio de empaquetadura botella auxiliar de direccion
A243: 004 | B243: BVB-004-011 | C243: Sello de aceite de la caja de engranes de la dirección hidráulica, flecha de entrada - Q y P.
A244: 004 | B244: BVB-004-012 | C244: Sello de aceite de la caja de engranes de la dirección hidráulica, flecha de salida - Q y P
A245: 004 | B245: BVB-004-013 | C245: Flecha de mando de la dirección - Engranaje al piso - Q y P
... A271: 004 | B271: BVB-004-XXX | C271: Dirección - Mano de Obra Miscelánea
C272: TOTAL
A273: GRUPO 005. SUSPENSIÓN
A274: CONCEPTO
A275: 005 | B275: BVB-005-001 | C275: Soporte de la sapa del muelle delantera en la suspensión delantera - Q y P C/U
A276: 005 | B276: BVB-005-002 | C276: Perno o pasador de la suspensión delantera, muelle delantera - Q y P
A277: 005 | B277: BVB-005-003 | C277: Cambio de el buje del muelle delantera en la suspensión delantera
A278: 005 | B278: BVB-005-004 | C278: Bloque espaciador de la suspensión delantera, muelle delantera - Q y P
A279: 005 | B279: BVB-005-005 | C279: Ensamble del muelle de la suspensión delantera - Q y P
A280: 005 | B280: BVB-005-006 | C280: Tornillo central del muelle en la suspensión delantera - Q y P
A281: 005 | B281: BVB-005-007 | C281: Soporte de tope de la suspensión delantera Q y P
A282: 005 | B282: BVB-005-008 | C282: Defensa de la suspensión delantera, goma, Asiento de Muelle - Q y P
A283: 005 | B283: BVB-005-009 | C283: Tornillos U de la suspensión delantera (dos), muelle delantera - Q y P
A284: 005 | B284: BVB-005-010 | C284: Columpios o Estribos de la suspensión delantera, parte trasera de la muelle (un juego) - Q y P
A285: 005 | B285: BVB-005-011 | C285: sapo de soporte de muelle delantero parte trasera - reemplazar buje
A286: 005 | B286: BVB-005-012 | C286: Tornillos U de la suspensión trasera (dos), muelle trasera - Q y P
... A330: 005 | B330: BVB-005-XXX | C330: Suspensión - Mano de Obra Miscelánea
C331: TOTAL
A332: GRUPO 006. RUEDAS, RINES, CUBOS Y RODAMIENTOS
A333: CONCEPTO
A334: 006 | B334: BVB-006-001 | C334: Ensamble de la maza delantera - Q y P.
A335: 006 | B335: BVB-006-002 | C335: Frenos de Disco, del Ensamble de la maza delantera.
A336: 006 | B336: BVB-006-003 | C336: Tapaderas - Q y P del Ensamble de la maza delantera.
A337: 006 | B337: BVB-006-004 | C337: Sello de la maza de la rueda delantera (una) - Q y P
A338: 006 | B338: BVB-006-005 | C338: Baleros y Sellos de las ruedas delanteras - Q y P
A339: 006 | B339: BVB-006-006 | C339: Baleros de ajuste de la rueda delantera (uno) - Q y P
A340: 006 | B340: BVB-006-007 | C340: Maza Delantera, Tabor y Rueda Como un Ensamble Q y p
A341: 006 | B341: BVB-006-008 | C341: Sello de la maza de la rueda trasera (una) - Q y P
A342: 006 | B342: BVB-006-009 | C342: Maza trasera, tambor y rueda como ensamble Q y P
A343: 006 | B343: BVB-006-010 | C343: Ensamble de maza Trasera (uno) - Q y P incluye
A344: 006 | B344: BVB-006-012 | C344: Ensamble de la llanta y la rueda (delanteras) - Q y P
A345: 006 | B345: BVB-006-013 | C345: Ensamble de la llanta y la rueda (traseras) - Q y P
... A347: 006 | B347: BVB-006-XXX | C347: Ruedas y Mazas - Mano de Obra Miscelánea
C348: TOTAL
A349: GRUPO 007. EMBRAGUE
A350: CONCEPTO
...

Sheet 5E. MAQ 21
A1: KENWORTH T 370 OSA 840 MODELO: 2008
A2: 5 | C2: GRUPOS
A3: GRUPO 001. SISTEMA DE VENTILACION, CALEFACCION Y AIRE ACONDICIONADO | D3: MANTENIMIENTO | E3: REPUESTOS | F3: TOTAL
A4: CONCEPTO
A5: 001 | B5: BVB-001-001 | C5: Condensador, Ensamble de Radiador - Q y P
A6: 001 | B6: BVB-001-002 | C6: Reparacion condesador
A7: 001 | B7: BVB-001-003 | C7: Ventilador condensador Q y P
A8: 001 | B8: BVB-001-004 | C8: Lavado interno condensador (barrido)
A9: 001 | B9: BVB-001-005 | C9: Evaporador - Q y P
A10: 001 | B10: BVB-001-006 | C10: Reparacion evaporador
A11: 001 | B11: BVB-001-007 | C11: Lavado interno evaporador (barrido)
A12: 001 | B12: BVB-001-008 | C12: Válvula de Expansión - Q y P
A13: 001 | B13: BVB-001-009 | C13: Manguera de aire acondiconado Q yP
A14: 001 | B14: BVB-001-010 | C14: Ensamblar manguera de aire acondicionado
A15: 001 | B15: BVB-001-011 | C15: Ensamblar tubo de aire acondicionado
A16: 001 | B16: BVB-001-012 | C16: Barrido o limpieza tubo de aire acondicionado C/U
... A46: 001 | B46: BVB-001-042 | C46: Diagnostico codigos de falla del aire acondicionado
C47: TOTAL
A48: GRUPO 002. MOTOR
A49: CONCEPTO
A50: 002 | B50: BVB-002-001 | C50: Diagnostico electronico de motor
A51: 002 | B51: BVB-002-002 | C51: Modulo de motor D y M
A52: 002 | B52: BVB-002-003 | C52: Reparacion harnes electrico de motor
A53: 002 | B53: BVB-002-004 | C53: Harnes de motor D y M
A54: 002 | B54: BVB-002-005 | C54: Programacion modulo de motor
A55: 002 | B55: BVB-002-006 | C55: Calibracion modulo de motor
A56: 002 | B56: BVB-002-007 | C56: Escaner
A57: 002 | B57: BVB-002-008 | C57: Sensor de motor D y M
A58: 002 | B58: BVB-002-009 | C58: Actuador de motor D y M
A59: 002 | B59: BVB-002-010 | C59: Solenoide D y M
A60: 002 | B60: BVB-002-011 | C60: diagnostico de motor
A61: 002 | B61: BVB-002-012 | C61: Reparacion parcial de motor (6 CILINDROS)
... A142: 002 | B142: BVB-002-100 | C142: Reparacaion corto electrico
C143: TOTAL
A144: GRUPO 003 . FRENOS
A145: CONCEPTO
A146: 003 | B146: BVB-003-001 | C146: Rueda delantera Q y P
A147: 003 | B147: BVB-003-002 | C147: Soporte de la leva del freno (uno) - Q y P
A148: 003 | B148: BVB-003-003 | C148: Sellos y Eje de levas de los frenos (uno) - Q y P
A149: 003 | B149: BVB-003-004 | C149: Recámara de aire de los frenos delanteros (una) - Q y P
A150: 003 | B150: BVB-003-006 | C150: Zapatas de los frenos (una sola rueda) - Q y P
A151: 003 | B151: BVB-003-007 | C151: Ajustador del freno - delantero (uno) - Q y P
A152: 003 | B152: BVB-003-009 | C152: Estructura de Soporte de la recámara de los frenos - Q y P
A153: 003 | B153: BVB-003-010 | C153: Tubo de soporte de freno de leva (tubo estilo mordaza) Q y P
A154: 003 | B154: BVB-003-012 | C154: Collarin rueda Q y P
A155: 003 | B155: BVB-003-013 | C155: Protector de polvo o guardapolvo de los frenos - Q y P
A156: 003 | B156: BVB-003-014 | C156: Ajustador del freno - Trasero (uno) - Q y P
A157: 003 | B157: BVB-003-015 | C157: Rueda trasera Q y P
... A230: 003 | B230: BVB-003-090 | C230: Diagnóstico del ABS con códigos de falla
C231: TOTAL
A232: GRUPO 004. DIRECCION
A233: CONCEPTO
A234: 004 | B234: BVB-004-001 | C234: Volante de Dirección Q y P
A235: 004 | B235: BVB-004-002 | C235: Columna de Dirección, no ajustable - Q y P
A236: 004 | B236: BVB-004-003 | C236: Columna de Dirección, Ajustable - Q y P
A237: 004 | B237: BVB-004-004 | C237: Pedal y cable de liberación a distancia para inclinar - Q y P
A238: 004 | B238: BVB-004-006 | C238: reparacion botella de direccion
A239: 004 | B239: BVB-004-007 | C239: reparacion cremallera de direccion
A240: 004 | B240: BVB-004-008 | C240: Botella de direccion Q y P
A241: 004 | B241: BVB-004-009 | C241: Cambio de empaquetadura botela de direccion
A242: 004 | B242: BVB-004-010 | C242: Cambio de empaquetadura botella auxiliar de direccion
A243: 004 | B243: BVB-004-011 | C243: Sello de aceite de la caja de engranes de la dirección hidráulica, flecha de entrada - Q y P.
A244: 004 | B244: BVB-004-012 | C244: Sello de aceite de la caja de engranes de la dirección hidráulica, flecha de salida - Q y P
A245: 004 | B245: BVB-004-013 | C245: Flecha de mando de la dirección - Engranaje al piso - Q y P
... A271: 004 | B271: BVB-004-XXX | C271: Dirección - Mano de Obra Miscelánea
C272: TOTAL
A273: GRUPO 005. SUSPENSIÓN
A274: CONCEPTO
A275: 005 | B275: BVB-005-001 | C275: Soporte de la sapa del muelle delantera en la suspensión delantera - Q y P C/U
A276: 005 | B276: BVB-005-002 | C276: Perno o pasador de la suspensión delantera, muelle delantera - Q y P
A277: 005 | B277: BVB-005-003 | C277: Cambio de el buje del muelle delantera en la suspensión delantera
A278: 005 | B278: BVB-005-004 | C278: Bloque espaciador de la suspensión delantera, muelle delantera - Q y P
A279: 005 | B279: BVB-005-005 | C279: Ensamble del muelle de la suspensión delantera - Q y P
A280: 005 | B280: BVB-005-006 | C280: Tornillo central del muelle en la suspensión delantera - Q y P
A281: 005 | B281: BVB-005-007 | C281: Soporte de tope de la suspensión delantera Q y P
A282: 005 | B282: BVB-005-008 | C282: Defensa de la suspensión delantera, goma, Asiento de Muelle - Q y P
A283: 005 | B283: BVB-005-009 | C283: Tornillos U de la suspensión delantera (dos), muelle delantera - Q y P
A284: 005 | B284: BVB-005-010 | C284: Columpios o Estribos de la suspensión delantera, parte trasera de la muelle (un juego) - Q y P
A285: 005 | B285: BVB-005-011 | C285: sapo de soporte de muelle delantero parte trasera - reemplazar buje
A286: 005 | B286: BVB-005-012 | C286: Tornillos U de la suspensión trasera (dos), muelle trasera - Q y P
... A330: 005 | B330: BVB-005-XXX | C330: Suspensión - Mano de Obra Miscelánea
C331: TOTAL
A332: GRUPO 006. RUEDAS, RINES, CUBOS Y RODAMIENTOS
A333: CONCEPTO
A334: 006 | B334: BVB-006-001 | C334: Ensamble de la maza delantera - Q y P.
A335: 006 | B335: BVB-006-002 | C335: Frenos de Disco, del Ensamble de la maza delantera.
A336: 006 | B336: BVB-006-003 | C336: Tapaderas - Q y P del Ensamble de la maza delantera.
A337: 006 | B337: BVB-006-004 | C337: Sello de la maza de la rueda delantera (una) - Q y P
A338: 006 | B338: BVB-006-005 | C338: Baleros y Sellos de las ruedas delanteras - Q y P
A339: 006 | B339: BVB-006-006 | C339: Baleros de ajuste de la rueda delantera (uno) - Q y P
A340: 006 | B340: BVB-006-007 | C340: Maza Delantera, Tabor y Rueda Como un Ensamble Q y p
A341: 006 | B341: BVB-006-008 | C341: Sello de la maza de la rueda trasera (una) - Q y P
A342: 006 | B342: BVB-006-009 | C342: Maza trasera, tambor y rueda como ensamble Q y P
A343: 006 | B343: BVB-006-010 | C343: Ensamble de maza Trasera (uno) - Q y P incluye
A344: 006 | B344: BVB-006-012 | C344: Ensamble de la llanta y la rueda (delanteras) - Q y P
A345: 006 | B345: BVB-006-013 | C345: Ensamble de la llanta y la rueda (traseras) - Q y P
... A347: 006 | B347: BVB-006-XXX | C347: Ruedas y Mazas - Mano de Obra Miscelánea
C348: TOTAL
A349: GRUPO 007. EMBRAGUE
A350: CONCEPTO
...

Sheet 6E. MAQ 22
A1: FREIGHTLINNER OSA 865 MODELO: 2010
A2: 6 | C2: GRUPOS
A3: GRUPO 001. SISTEMA DE VENTILACION, CALEFACCION Y AIRE ACONDICIONADO | D3: MANTENIMIENTO | E3: REPUESTOS | F3: TOTAL
A4: CONCEPTO
A5: 001 | B5: BVB-001-001 | C5: Condensador, Ensamble de Radiador - Q y P
A6: 001 | B6: BVB-001-002 | C6: Reparacion condesador
A7: 001 | B7: BVB-001-003 | C7: Ventilador condensador Q y P
A8: 001 | B8: BVB-001-004 | C8: Lavado interno condensador (barrido)
A9: 001 | B9: BVB-001-005 | C9: Evaporador - Q y P
A10: 001 | B10: BVB-001-006 | C10: Reparacion evaporador
A11: 001 | B11: BVB-001-007 | C11: Lavado interno evaporador (barrido)
A12: 001 | B12: BVB-001-008 | C12: Válvula de Expansión - Q y P
A13: 001 | B13: BVB-001-009 | C13: Manguera de aire acondiconado Q yP
A14: 001 | B14: BVB-001-010 | C14: Ensamblar manguera de aire acondicionado
A15: 001 | B15: BVB-001-011 | C15: Ensamblar tubo de aire acondicionado
A16: 001 | B16: BVB-001-012 | C16: Barrido o limpieza tubo de aire acondicionado C/U
... A46: 001 | B46: BVB-001-042 | C46: Diagnostico codigos de falla del aire acondicionado
C47: TOTAL
A48: GRUPO 002. MOTOR
A49: CONCEPTO
A50: 002 | B50: BVB-002-001 | C50: Diagnostico electronico de motor
A51: 002 | B51: BVB-002-002 | C51: Modulo de motor D y M
A52: 002 | B52: BVB-002-003 | C52: Reparacion harnes electrico de motor
A53: 002 | B53: BVB-002-004 | C53: Harnes de motor D y M
A54: 002 | B54: BVB-002-005 | C54: Programacion modulo de motor
A55: 002 | B55: BVB-002-006 | C55: Calibracion modulo de motor
A56: 002 | B56: BVB-002-007 | C56: Escaner
A57: 002 | B57: BVB-002-008 | C57: Sensor de motor D y M
A58: 002 | B58: BVB-002-009 | C58: Actuador de motor D y M
A59: 002 | B59: BVB-002-010 | C59: Solenoide D y M
A60: 002 | B60: BVB-002-011 | C60: diagnostico de motor
A61: 002 | B61: BVB-002-012 | C61: Reparacion parcial de motor (6 CILINDROS)
... A142: 002 | B142: BVB-002-100 | C142: Reparacaion corto electrico
C143: TOTAL
A144: GRUPO 003 . FRENOS
A145: CONCEPTO
A146: 003 | B146: BVB-003-001 | C146: Rueda delantera Q y P
A147: 003 | B147: BVB-003-002 | C147: Soporte de la leva del freno (uno) - Q y P
A148: 003 | B148: BVB-003-003 | C148: Sellos y Eje de levas de los frenos (uno) - Q y P
A149: 003 | B149: BVB-003-004 | C149: Recámara de aire de los frenos delanteros (una) - Q y P
A150: 003 | B150: BVB-003-006 | C150: Zapatas de los frenos (una sola rueda) - Q y P
A151: 003 | B151: BVB-003-007 | C151: Ajustador del freno - delantero (uno) - Q y P
A152: 003 | B152: BVB-003-009 | C152: Estructura de Soporte de la recámara de los frenos - Q y P
A153: 003 | B153: BVB-003-010 | C153: Tubo de soporte de freno de leva (tubo estilo mordaza) Q y P
A154: 003 | B154: BVB-003-012 | C154: Collarin rueda Q y P
A155: 003 | B155: BVB-003-013 | C155: Protector de polvo o guardapolvo de los frenos - Q y P
A156: 003 | B156: BVB-003-014 | C156: Ajustador del freno - Trasero (uno) - Q y P
A157: 003 | B157: BVB-003-015 | C157: Rueda trasera Q y P
... A230: 003 | B230: BVB-003-090 | C230: Diagnóstico del ABS con códigos de falla
C231: TOTAL
A232: GRUPO 004. DIRECCION
A233: CONCEPTO
A234: 004 | B234: BVB-004-001 | C234: Volante de Dirección Q y P
A235: 004 | B235: BVB-004-002 | C235: Columna de Dirección, no ajustable - Q y P
A236: 004 | B236: BVB-004-003 | C236: Columna de Dirección, Ajustable - Q y P
A237: 004 | B237: BVB-004-004 | C237: Pedal y cable de liberación a distancia para inclinar - Q y P
A238: 004 | B238: BVB-004-006 | C238: reparacion botella de direccion
A239: 004 | B239: BVB-004-007 | C239: reparacion cremallera de direccion
A240: 004 | B240: BVB-004-008 | C240: Botella de direccion Q y P
A241: 004 | B241: BVB-004-009 | C241: Cambio de empaquetadura botela de direccion
A242: 004 | B242: BVB-004-010 | C242: Cambio de empaquetadura botella auxiliar de direccion
A243: 004 | B243: BVB-004-011 | C243: Sello de aceite de la caja de engranes de la dirección hidráulica, flecha de entrada - Q y P.
A244: 004 | B244: BVB-004-012 | C244: Sello de aceite de la caja de engranes de la dirección hidráulica, flecha de salida - Q y P
A245: 004 | B245: BVB-004-013 | C245: Flecha de mando de la dirección - Engranaje al piso - Q y P
... A271: 004 | B271: BVB-004-XXX | C271: Dirección - Mano de Obra Miscelánea
C272: TOTAL
A273: GRUPO 005. SUSPENSIÓN
A274: CONCEPTO
A275: 005 | B275: BVB-005-001 | C275: Soporte de la sapa del muelle delantera en la suspensión delantera - Q y P C/U
A276: 005 | B276: BVB-005-002 | C276: Perno o pasador de la suspensión delantera, muelle delantera - Q y P
A277: 005 | B277: BVB-005-003 | C277: Cambio de el buje del muelle delantera en la suspensión delantera
A278: 005 | B278: BVB-005-004 | C278: Bloque espaciador de la suspensión delantera, muelle delantera - Q y P
A279: 005 | B279: BVB-005-005 | C279: Ensamble del muelle de la suspensión delantera - Q y P
A280: 005 | B280: BVB-005-006 | C280: Tornillo central del muelle en la suspensión delantera - Q y P
A281: 005 | B281: BVB-005-007 | C281: Soporte de tope de la suspensión delantera Q y P
A282: 005 | B282: BVB-005-008 | C282: Defensa de la suspensión delantera, goma, Asiento de Muelle - Q y P
A283: 005 | B283: BVB-005-009 | C283: Tornillos U de la suspensión delantera (dos), muelle delantera - Q y P
A284: 005 | B284: BVB-005-010 | C284: Columpios o Estribos de la suspensión delantera, parte trasera de la muelle (un juego) - Q y P
A285: 005 | B285: BVB-005-011 | C285: sapo de soporte de muelle delantero parte trasera - reemplazar buje
A286: 005 | B286: BVB-005-012 | C286: Tornillos U de la suspensión trasera (dos), muelle trasera - Q y P
... A330: 005 | B330: BVB-005-XXX | C330: Suspensión - Mano de Obra Miscelánea
C331: TOTAL
A332: GRUPO 006. RUEDAS, RINES, CUBOS Y RODAMIENTOS
A333: CONCEPTO
A334: 006 | B334: BVB-006-001 | C334: Ensamble de la maza delantera - Q y P.
A335: 006 | B335: BVB-006-002 | C335: Frenos de Disco, del Ensamble de la maza delantera.
A336: 006 | B336: BVB-006-003 | C336: Tapaderas - Q y P del Ensamble de la maza delantera.
A337: 006 | B337: BVB-006-004 | C337: Sello de la maza de la rueda delantera (una) - Q y P
A338: 006 | B338: BVB-006-005 | C338: Baleros y Sellos de las ruedas delanteras - Q y P
A339: 006 | B339: BVB-006-006 | C339: Baleros de ajuste de la rueda delantera (uno) - Q y P
A340: 006 | B340: BVB-006-007 | C340: Maza Delantera, Tabor y Rueda Como un Ensamble Q y p
A341: 006 | B341: BVB-006-008 | C341: Sello de la maza de la rueda trasera (una) - Q y P
A342: 006 | B342: BVB-006-009 | C342: Maza trasera, tambor y rueda como ensamble Q y P
A343: 006 | B343: BVB-006-010 | C343: Ensamble de maza Trasera (uno) - Q y P incluye
A344: 006 | B344: BVB-006-012 | C344: Ensamble de la llanta y la rueda (delanteras) - Q y P
A345: 006 | B345: BVB-006-013 | C345: Ensamble de la llanta y la rueda (traseras) - Q y P
... A347: 006 | B347: BVB-006-XXX | C347: Ruedas y Mazas - Mano de Obra Miscelánea
C348: TOTAL
A349: GRUPO 007. EMBRAGUE
A350: CONCEPTO
...

Sheet 7E. MAQ 23
A1: INTERNATIONAL OSB 106 MODELO: 2014
A2: 7 | C2: GRUPOS
A3: GRUPO 001. SISTEMA DE VENTILACION, CALEFACCION Y AIRE ACONDICIONADO | D3: MANTENIMIENTO | E3: REPUESTOS | F3: TOTAL
A4: CONCEPTO
A5: 001 | B5: BVB-001-001 | C5: Condensador, Ensamble de Radiador - Q y P
A6: 001 | B6: BVB-001-002 | C6: Reparacion condesador
A7: 001 | B7: BVB-001-003 | C7: Ventilador condensador Q y P
A8: 001 | B8: BVB-001-004 | C8: Lavado interno condensador (barrido)
A9: 001 | B9: BVB-001-005 | C9: Evaporador - Q y P
A10: 001 | B10: BVB-001-006 | C10: Reparacion evaporador
A11: 001 | B11: BVB-001-007 | C11: Lavado interno evaporador (barrido)
A12: 001 | B12: BVB-001-008 | C12: Válvula de Expansión - Q y P
A13: 001 | B13: BVB-001-009 | C13: Manguera de aire acondiconado Q yP
A14: 001 | B14: BVB-001-010 | C14: Ensamblar manguera de aire acondicionado
A15: 001 | B15: BVB-001-011 | C15: Ensamblar tubo de aire acondicionado
A16: 001 | B16: BVB-001-012 | C16: Barrido o limpieza tubo de aire acondicionado C/U
... A46: 001 | B46: BVB-001-042 | C46: Diagnostico codigos de falla del aire acondicionado
C47: TOTAL
A48: GRUPO 002. MOTOR
A49: CONCEPTO
A50: 002 | B50: BVB-002-001 | C50: Diagnostico electronico de motor
A51: 002 | B51: BVB-002-002 | C51: Modulo de motor D y M
A52: 002 | B52: BVB-002-003 | C52: Reparacion harnes electrico de motor
A53: 002 | B53: BVB-002-004 | C53: Harnes de motor D y M
A54: 002 | B54: BVB-002-005 | C54: Programacion modulo de motor
A55: 002 | B55: BVB-002-006 | C55: Calibracion modulo de motor
A56: 002 | B56: BVB-002-007 | C56: Escaner
A57: 002 | B57: BVB-002-008 | C57: Sensor de motor D y M
A58: 002 | B58: BVB-002-009 | C58: Actuador de motor D y M
A59: 002 | B59: BVB-002-010 | C59: Solenoide D y M
A60: 002 | B60: BVB-002-011 | C60: diagnostico de motor
A61: 002 | B61: BVB-002-012 | C61: Reparacion parcial de motor (6 CILINDROS)
... A142: 002 | B142: BVB-002-100 | C142: Reparacaion corto electrico
C143: TOTAL
A144: GRUPO 003 . FRENOS
A145: CONCEPTO
A146: 003 | B146: BVB-003-001 | C146: Rueda delantera Q y P
A147: 003 | B147: BVB-003-002 | C147: Soporte de la leva del freno (uno) - Q y P
A148: 003 | B148: BVB-003-003 | C148: Sellos y Eje de levas de los frenos (uno) - Q y P
A149: 003 | B149: BVB-003-004 | C149: Recámara de aire de los frenos delanteros (una) - Q y P
A150: 003 | B150: BVB-003-006 | C150: Zapatas de los frenos (una sola rueda) - Q y P
A151: 003 | B151: BVB-003-007 | C151: Ajustador del freno - delantero (uno) - Q y P
A152: 003 | B152: BVB-003-009 | C152: Estructura de Soporte de la recámara de los frenos - Q y P
A153: 003 | B153: BVB-003-010 | C153: Tubo de soporte de freno de leva (tubo estilo mordaza) Q y P
A154: 003 | B154: BVB-003-012 | C154: Collarin rueda Q y P
A155: 003 | B155: BVB-003-013 | C155: Protector de polvo o guardapolvo de los frenos - Q y P
A156: 003 | B156: BVB-003-014 | C156: Ajustador del freno - Trasero (uno) - Q y P
A157: 003 | B157: BVB-003-015 | C157: Rueda trasera Q y P
... A230: 003 | B230: BVB-003-090 | C230: Diagnóstico del ABS con códigos de falla
C231: TOTAL
A232: GRUPO 004. DIRECCION
A233: CONCEPTO
A234: 004 | B234: BVB-004-001 | C234: Volante de Dirección Q y P
A235: 004 | B235: BVB-004-002 | C235: Columna de Dirección, no ajustable - Q y P
A236: 004 | B236: BVB-004-003 | C236: Columna de Dirección, Ajustable - Q y P
A237: 004 | B237: BVB-004-004 | C237: Pedal y cable de liberación a distancia para inclinar - Q y P
A238: 004 | B238: BVB-004-006 | C238: reparacion botella de direccion
A239: 004 | B239: BVB-004-007 | C239: reparacion cremallera de direccion
A240: 004 | B240: BVB-004-008 | C240: Botella de direccion Q y P
A241: 004 | B241: BVB-004-009 | C241: Cambio de empaquetadura botela de direccion
A242: 004 | B242: BVB-004-010 | C242: Cambio de empaquetadura botella auxiliar de direccion
A243: 004 | B243: BVB-004-011 | C243: Sello de aceite de la caja de engranes de la dirección hidráulica, flecha de entrada - Q y P.
A244: 004 | B244: BVB-004-012 | C244: Sello de aceite de la caja de engranes de la dirección hidráulica, flecha de salida - Q y P
A245: 004 | B245: BVB-004-013 | C245: Flecha de mando de la dirección - Engranaje al piso - Q y P
... A271: 004 | B271: BVB-004-XXX | C271: Dirección - Mano de Obra Miscelánea
C272: TOTAL
A273: GRUPO 005. SUSPENSIÓN
A274: CONCEPTO
A275: 005 | B275: BVB-005-001 | C275: Soporte de la sapa del muelle delantera en la suspensión delantera - Q y P C/U
A276: 005 | B276: BVB-005-002 | C276: Perno o pasador de la suspensión delantera, muelle delantera - Q y P
A277: 005 | B277: BVB-005-003 | C277: Cambio de el buje del muelle delantera en la suspensión delantera
A278: 005 | B278: BVB-005-004 | C278: Bloque espaciador de la suspensión delantera, muelle delantera - Q y P
A279: 005 | B279: BVB-005-005 | C279: Ensamble del muelle de la suspensión delantera - Q y P
A280: 005 | B280: BVB-005-006 | C280: Tornillo central del muelle en la suspensión delantera - Q y P
A281: 005 | B281: BVB-005-007 | C281: Soporte de tope de la suspensión delantera Q y P
A282: 005 | B282: BVB-005-008 | C282: Defensa de la suspensión delantera, goma, Asiento de Muelle - Q y P
A283: 005 | B283: BVB-005-009 | C283: Tornillos U de la suspensión delantera (dos), muelle delantera - Q y P
A284: 005 | B284: BVB-005-010 | C284: Columpios o Estribos de la suspensión delantera, parte trasera de la muelle (un juego) - Q y P
A285: 005 | B285: BVB-005-011 | C285: sapo de soporte de muelle delantero parte trasera - reemplazar buje
A286: 005 | B286: BVB-005-012 | C286: Tornillos U de la suspensión trasera (dos), muelle trasera - Q y P
... A330: 005 | B330: BVB-005-XXX | C330: Suspensión - Mano de Obra Miscelánea
C331: TOTAL
A332: GRUPO 006. RUEDAS, RINES, CUBOS Y RODAMIENTOS
A333: CONCEPTO
A334: 006 | B334: BVB-006-001 | C334: Ensamble de la maza delantera - Q y P.
A335: 006 | B335: BVB-006-002 | C335: Frenos de Disco, del Ensamble de la maza delantera.
A336: 006 | B336: BVB-006-003 | C336: Tapaderas - Q y P del Ensamble de la maza delantera.
A337: 006 | B337: BVB-006-004 | C337: Sello de la maza de la rueda delantera (una) - Q y P
A338: 006 | B338: BVB-006-005 | C338: Baleros y Sellos de las ruedas delanteras - Q y P
A339: 006 | B339: BVB-006-006 | C339: Baleros de ajuste de la rueda delantera (uno) - Q y P
A340: 006 | B340: BVB-006-007 | C340: Maza Delantera, Tabor y Rueda Como un Ensamble Q y p
A341: 006 | B341: BVB-006-008 | C341: Sello de la maza de la rueda trasera (una) - Q y P
A342: 006 | B342: BVB-006-009 | C342: Maza trasera, tambor y rueda como ensamble Q y P
A343: 006 | B343: BVB-006-010 | C343: Ensamble de maza Trasera (uno) - Q y P incluye
A344: 006 | B344: BVB-006-012 | C344: Ensamble de la llanta y la rueda (delanteras) - Q y P
A345: 006 | B345: BVB-006-013 | C345: Ensamble de la llanta y la rueda (traseras) - Q y P
... A347: 006 | B347: BVB-006-XXX | C347: Ruedas y Mazas - Mano de Obra Miscelánea
C348: TOTAL
A349: GRUPO 007. EMBRAGUE
A350: CONCEPTO
...

Sheet 8E. MAQ 24
A1: INTERNATIONAL OSB 105 MODELO: 2014
A2: 8 | C2: GRUPOS
A3: GRUPO 001. SISTEMA DE VENTILACION, CALEFACCION Y AIRE ACONDICIONADO | D3: MANTENIMIENTO | E3: REPUESTOS | F3: TOTAL
A4: CONCEPTO
A5: 001 | B5: BVB-001-001 | C5: Condensador, Ensamble de Radiador - Q y P
A6: 001 | B6: BVB-001-002 | C6: Reparacion condesador
A7: 001 | B7: BVB-001-003 | C7: Ventilador condensador Q y P
A8: 001 | B8: BVB-001-004 | C8: Lavado interno condensador (barrido)
A9: 001 | B9: BVB-001-005 | C9: Evaporador - Q y P
A10: 001 | B10: BVB-001-006 | C10: Reparacion evaporador
A11: 001 | B11: BVB-001-007 | C11: Lavado interno evaporador (barrido)
A12: 001 | B12: BVB-001-008 | C12: Válvula de Expansión - Q y P
A13: 001 | B13: BVB-001-009 | C13: Manguera de aire acondiconado Q yP
A14: 001 | B14: BVB-001-010 | C14: Ensamblar manguera de aire acondicionado
A15: 001 | B15: BVB-001-011 | C15: Ensamblar tubo de aire acondicionado
A16: 001 | B16: BVB-001-012 | C16: Barrido o limpieza tubo de aire acondicionado C/U
... A46: 001 | B46: BVB-001-042 | C46: Diagnostico codigos de falla del aire acondicionado
C47: TOTAL
A48: GRUPO 002. MOTOR
A49: CONCEPTO
A50: 002 | B50: BVB-002-001 | C50: Diagnostico electronico de motor
A51: 002 | B51: BVB-002-002 | C51: Modulo de motor D y M
A52: 002 | B52: BVB-002-003 | C52: Reparacion harnes electrico de motor
A53: 002 | B53: BVB-002-004 | C53: Harnes de motor D y M
A54: 002 | B54: BVB-002-005 | C54: Programacion modulo de motor
A55: 002 | B55: BVB-002-006 | C55: Calibracion modulo de motor
A56: 002 | B56: BVB-002-007 | C56: Escaner
A57: 002 | B57: BVB-002-008 | C57: Sensor de motor D y M
A58: 002 | B58: BVB-002-009 | C58: Actuador de motor D y M
A59: 002 | B59: BVB-002-010 | C59: Solenoide D y M
A60: 002 | B60: BVB-002-011 | C60: diagnostico de motor
A61: 002 | B61: BVB-002-012 | C61: Reparacion parcial de motor (6 CILINDROS)
... A142: 002 | B142: BVB-002-100 | C142: Reparacaion corto electrico
C143: TOTAL
A144: GRUPO 003 . FRENOS
A145: CONCEPTO
A146: 003 | B146: BVB-003-001 | C146: Rueda delantera Q y P
A147: 003 | B147: BVB-003-002 | C147: Soporte de la leva del freno (uno) - Q y P
A148: 003 | B148: BVB-003-003 | C148: Sellos y Eje de levas de los frenos (uno) - Q y P
A149: 003 | B149: BVB-003-004 | C149: Recámara de aire de los frenos delanteros (una) - Q y P
A150: 003 | B150: BVB-003-006 | C150: Zapatas de los frenos (una sola rueda) - Q y P
A151: 003 | B151: BVB-003-007 | C151: Ajustador del freno - delantero (uno) - Q y P
A152: 003 | B152: BVB-003-009 | C152: Estructura de Soporte de la recámara de los frenos - Q y P
A153: 003 | B153: BVB-003-010 | C153: Tubo de soporte de freno de leva (tubo estilo mordaza) Q y P
A154: 003 | B154: BVB-003-012 | C154: Collarin rueda Q y P
A155: 003 | B155: BVB-003-013 | C155: Protector de polvo o guardapolvo de los frenos - Q y P
A156: 003 | B156: BVB-003-014 | C156: Ajustador del freno - Trasero (uno) - Q y P
A157: 003 | B157: BVB-003-015 | C157: Rueda trasera Q y P
... A230: 003 | B230: BVB-003-090 | C230: Diagnóstico del ABS con códigos de falla
C231: TOTAL
A232: GRUPO 004. DIRECCION
A233: CONCEPTO
A234: 004 | B234: BVB-004-001 | C234: Volante de Dirección Q y P
A235: 004 | B235: BVB-004-002 | C235: Columna de Dirección, no ajustable - Q y P
A236: 004 | B236: BVB-004-003 | C236: Columna de Dirección, Ajustable - Q y P
A237: 004 | B237: BVB-004-004 | C237: Pedal y cable de liberación a distancia para inclinar - Q y P
A238: 004 | B238: BVB-004-006 | C238: reparacion botella de direccion
A239: 004 | B239: BVB-004-007 | C239: reparacion cremallera de direccion
A240: 004 | B240: BVB-004-008 | C240: Botella de direccion Q y P
A241: 004 | B241: BVB-004-009 | C241: Cambio de empaquetadura botela de direccion
A242: 004 | B242: BVB-004-010 | C242: Cambio de empaquetadura botella auxiliar de direccion
A243: 004 | B243: BVB-004-011 | C243: Sello de aceite de la caja de engranes de la dirección hidráulica, flecha de entrada - Q y P.
A244: 004 | B244: BVB-004-012 | C244: Sello de aceite de la caja de engranes de la dirección hidráulica, flecha de salida - Q y P
A245: 004 | B245: BVB-004-013 | C245: Flecha de mando de la dirección - Engranaje al piso - Q y P
... A271: 004 | B271: BVB-004-XXX | C271: Dirección - Mano de Obra Miscelánea
C272: TOTAL
A273: GRUPO 005. SUSPENSIÓN
A274: CONCEPTO
A275: 005 | B275: BVB-005-001 | C275: Soporte de la sapa del muelle delantera en la suspensión delantera - Q y P C/U
A276: 005 | B276: BVB-005-002 | C276: Perno o pasador de la suspensión delantera, muelle delantera - Q y P
A277: 005 | B277: BVB-005-003 | C277: Cambio de el buje del muelle delantera en la suspensión delantera
A278: 005 | B278: BVB-005-004 | C278: Bloque espaciador de la suspensión delantera, muelle delantera - Q y P
A279: 005 | B279: BVB-005-005 | C279: Ensamble del muelle de la suspensión delantera - Q y P
A280: 005 | B280: BVB-005-006 | C280: Tornillo central del muelle en la suspensión delantera - Q y P
A281: 005 | B281: BVB-005-007 | C281: Soporte de tope de la suspensión delantera Q y P
A282: 005 | B282: BVB-005-008 | C282: Defensa de la suspensión delantera, goma, Asiento de Muelle - Q y P
A283: 005 | B283: BVB-005-009 | C283: Tornillos U de la suspensión delantera (dos), muelle delantera - Q y P
A284: 005 | B284: BVB-005-010 | C284: Columpios o Estribos de la suspensión delantera, parte trasera de la muelle (un juego) - Q y P
A285: 005 | B285: BVB-005-011 | C285: sapo de soporte de muelle delantero parte trasera - reemplazar buje
A286: 005 | B286: BVB-005-012 | C286: Tornillos U de la suspensión trasera (dos), muelle trasera - Q y P
... A330: 005 | B330: BVB-005-XXX | C330: Suspensión - Mano de Obra Miscelánea
C331: TOTAL
A332: GRUPO 006. RUEDAS, RINES, CUBOS Y RODAMIENTOS
A333: CONCEPTO
A334: 006 | B334: BVB-006-001 | C334: Ensamble de la maza delantera - Q y P.
A335: 006 | B335: BVB-006-002 | C335: Frenos de Disco, del Ensamble de la maza delantera.
A336: 006 | B336: BVB-006-003 | C336: Tapaderas - Q y P del Ensamble de la maza delantera.
A337: 006 | B337: BVB-006-004 | C337: Sello de la maza de la rueda delantera (una) - Q y P
A338: 006 | B338: BVB-006-005 | C338: Baleros y Sellos de las ruedas delanteras - Q y P
A339: 006 | B339: BVB-006-006 | C339: Baleros de ajuste de la rueda delantera (uno) - Q y P
A340: 006 | B340: BVB-006-007 | C340: Maza Delantera, Tabor y Rueda Como un Ensamble Q y p
A341: 006 | B341: BVB-006-008 | C341: Sello de la maza de la rueda trasera (una) - Q y P
A342: 006 | B342: BVB-006-009 | C342: Maza trasera, tambor y rueda como ensamble Q y P
A343: 006 | B343: BVB-006-010 | C343: Ensamble de maza Trasera (uno) - Q y P incluye
A344: 006 | B344: BVB-006-012 | C344: Ensamble de la llanta y la rueda (delanteras) - Q y P
A345: 006 | B345: BVB-006-013 | C345: Ensamble de la llanta y la rueda (traseras) - Q y P
... A347: 006 | B347: BVB-006-XXX | C347: Ruedas y Mazas - Mano de Obra Miscelánea
C348: TOTAL
A349: GRUPO 007. EMBRAGUE
A350: CONCEPTO
...

Sheet 9E. MAQ 25
A1: FORD F550 OSB 107 MODELO: 2013
A2: 9 | C2: GRUPOS
A3: GRUPO 001. SISTEMA DE VENTILACION, CALEFACCION Y AIRE ACONDICIONADO | D3: MANTENIMIENTO | E3: REPUESTOS | F3: TOTAL
A4: CONCEPTO
A5: 001 | B5: BVB-001-001 | C5: Condensador, Ensamble de Radiador - Q y P
A6: 001 | B6: BVB-001-002 | C6: Reparacion condesador
A7: 001 | B7: BVB-001-003 | C7: Ventilador condensador Q y P
A8: 001 | B8: BVB-001-004 | C8: Lavado interno condensador (barrido)
A9: 001 | B9: BVB-001-005 | C9: Evaporador - Q y P
A10: 001 | B10: BVB-001-006 | C10: Reparacion evaporador
A11: 001 | B11: BVB-001-007 | C11: Lavado interno evaporador (barrido)
A12: 001 | B12: BVB-001-008 | C12: Válvula de Expansión - Q y P
A13: 001 | B13: BVB-001-009 | C13: Manguera de aire acondiconado Q yP
A14: 001 | B14: BVB-001-010 | C14: Ensamblar manguera de aire acondicionado
A15: 001 | B15: BVB-001-011 | C15: Ensamblar tubo de aire acondicionado
A16: 001 | B16: BVB-001-012 | C16: Barrido o limpieza tubo de aire acondicionado C/U
... A46: 001 | B46: BVB-001-042 | C46: Diagnostico codigos de falla del aire acondicionado
C47: TOTAL
A48: GRUPO 002. MOTOR
A49: CONCEPTO
A50: 002 | B50: BVB-002-001 | C50: Diagnostico electronico de motor
A51: 002 | B51: BVB-002-002 | C51: Modulo de motor D y M
A52: 002 | B52: BVB-002-003 | C52: Reparacion harnes electrico de motor
A53: 002 | B53: BVB-002-004 | C53: Harnes de motor D y M
A54: 002 | B54: BVB-002-005 | C54: Programacion modulo de motor
A55: 002 | B55: BVB-002-006 | C55: Calibracion modulo de motor
A56: 002 | B56: BVB-002-007 | C56: Escaner
A57: 002 | B57: BVB-002-008 | C57: Sensor de motor D y M
A58: 002 | B58: BVB-002-009 | C58: Actuador de motor D y M
A59: 002 | B59: BVB-002-010 | C59: Solenoide D y M
A60: 002 | B60: BVB-002-011 | C60: diagnostico de motor
A61: 002 | B61: BVB-002-012 | C61: Reparacion parcial de motor (6 CILINDROS)
... A142: 002 | B142: BVB-002-100 | C142: Reparacaion corto electrico
C143: TOTAL
A144: GRUPO 003 . FRENOS
A145: CONCEPTO
A146: 003 | B146: BVB-003-001 | C146: Rueda delantera Q y P
A147: 003 | B147: BVB-003-002 | C147: Soporte de la leva del freno (uno) - Q y P
A148: 003 | B148: BVB-003-003 | C148: Sellos y Eje de levas de los frenos (uno) - Q y P
A149: 003 | B149: BVB-003-004 | C149: Recámara de aire de los frenos delanteros (una) - Q y P
A150: 003 | B150: BVB-003-006 | C150: Zapatas de los frenos (una sola rueda) - Q y P
A151: 003 | B151: BVB-003-007 | C151: Ajustador del freno - delantero (uno) - Q y P
A152: 003 | B152: BVB-003-009 | C152: Estructura de Soporte de la recámara de los frenos - Q y P
A153: 003 | B153: BVB-003-010 | C153: Tubo de soporte de freno de leva (tubo estilo mordaza) Q y P
A154: 003 | B154: BVB-003-012 | C154: Collarin rueda Q y P
A155: 003 | B155: BVB-003-013 | C155: Protector de polvo o guardapolvo de los frenos - Q y P
A156: 003 | B156: BVB-003-014 | C156: Ajustador del freno - Trasero (uno) - Q y P
A157: 003 | B157: BVB-003-015 | C157: Rueda trasera Q y P
... A230: 003 | B230: BVB-003-090 | C230: Diagnóstico del ABS con códigos de falla
C231: TOTAL
A232: GRUPO 004. DIRECCION
A233: CONCEPTO
A234: 004 | B234: BVB-004-001 | C234: Volante de Dirección Q y P
A235: 004 | B235: BVB-004-002 | C235: Columna de Dirección, no ajustable - Q y P
A236: 004 | B236: BVB-004-003 | C236: Columna de Dirección, Ajustable - Q y P
A237: 004 | B237: BVB-004-004 | C237: Pedal y cable de liberación a distancia para inclinar - Q y P
A238: 004 | B238: BVB-004-006 | C238: reparacion botella de direccion
A239: 004 | B239: BVB-004-007 | C239: reparacion cremallera de direccion
A240: 004 | B240: BVB-004-008 | C240: Botella de direccion Q y P
A241: 004 | B241: BVB-004-009 | C241: Cambio de empaquetadura botela de direccion
A242: 004 | B242: BVB-004-010 | C242: Cambio de empaquetadura botella auxiliar de direccion
A243: 004 | B243: BVB-004-011 | C243: Sello de aceite de la caja de engranes de la dirección hidráulica, flecha de entrada - Q y P.
A244: 004 | B244: BVB-004-012 | C244: Sello de aceite de la caja de engranes de la dirección hidráulica, flecha de salida - Q y P
A245: 004 | B245: BVB-004-013 | C245: Flecha de mando de la dirección - Engranaje al piso - Q y P
... A271: 004 | B271: BVB-004-XXX | C271: Dirección - Mano de Obra Miscelánea
C272: TOTAL
A273: GRUPO 005. SUSPENSIÓN
A274: CONCEPTO
A275: 005 | B275: BVB-005-001 | C275: Soporte de la sapa del muelle delantera en la suspensión delantera - Q y P C/U
A276: 005 | B276: BVB-005-002 | C276: Perno o pasador de la suspensión delantera, muelle delantera - Q y P
A277: 005 | B277: BVB-005-003 | C277: Cambio de el buje del muelle delantera en la suspensión delantera
A278: 005 | B278: BVB-005-004 | C278: Bloque espaciador de la suspensión delantera, muelle delantera - Q y P
A279: 005 | B279: BVB-005-005 | C279: Ensamble del muelle de la suspensión delantera - Q y P
A280: 005 | B280: BVB-005-006 | C280: Tornillo central del muelle en la suspensión delantera - Q y P
A281: 005 | B281: BVB-005-007 | C281: Soporte de tope de la suspensión delantera Q y P
A282: 005 | B282: BVB-005-008 | C282: Defensa de la suspensión delantera, goma, Asiento de Muelle - Q y P
A283: 005 | B283: BVB-005-009 | C283: Tornillos U de la suspensión delantera (dos), muelle delantera - Q y P
A284: 005 | B284: BVB-005-010 | C284: Columpios o Estribos de la suspensión delantera, parte trasera de la muelle (un juego) - Q y P
A285: 005 | B285: BVB-005-011 | C285: sapo de soporte de muelle delantero parte trasera - reemplazar buje
A286: 005 | B286: BVB-005-012 | C286: Tornillos U de la suspensión trasera (dos), muelle trasera - Q y P
... A330: 005 | B330: BVB-005-XXX | C330: Suspensión - Mano de Obra Miscelánea
C331: TOTAL
A332: GRUPO 006. RUEDAS, RINES, CUBOS Y RODAMIENTOS
A333: CONCEPTO
A334: 006 | B334: BVB-006-001 | C334: Ensamble de la maza delantera - Q y P.
A335: 006 | B335: BVB-006-002 | C335: Frenos de Disco, del Ensamble de la maza delantera.
A336: 006 | B336: BVB-006-003 | C336: Tapaderas - Q y P del Ensamble de la maza delantera.
A337: 006 | B337: BVB-006-004 | C337: Sello de la maza de la rueda delantera (una) - Q y P
A338: 006 | B338: BVB-006-005 | C338: Baleros y Sellos de las ruedas delanteras - Q y P
A339: 006 | B339: BVB-006-006 | C339: Baleros de ajuste de la rueda delantera (uno) - Q y P
A340: 006 | B340: BVB-006-007 | C340: Maza Delantera, Tabor y Rueda Como un Ensamble Q y p
A341: 006 | B341: BVB-006-008 | C341: Sello de la maza de la rueda trasera (una) - Q y P
A342: 006 | B342: BVB-006-009 | C342: Maza trasera, tambor y rueda como ensamble Q y P
A343: 006 | B343: BVB-006-010 | C343: Ensamble de maza Trasera (uno) - Q y P incluye
A344: 006 | B344: BVB-006-012 | C344: Ensamble de la llanta y la rueda (delanteras) - Q y P
A345: 006 | B345: BVB-006-013 | C345: Ensamble de la llanta y la rueda (traseras) - Q y P
... A347: 006 | B347: BVB-006-XXX | C347: Ruedas y Mazas - Mano de Obra Miscelánea
C348: TOTAL
A349: GRUPO 007. EMBRAGUE
A350: CONCEPTO
...

Sheet 10E. MAQ 26
A1: INTERNATIONAL OSB 164 MODELO: 2015
A2: 10 | C2: GRUPOS
A3: GRUPO 001. SISTEMA DE VENTILACION, CALEFACCION Y AIRE ACONDICIONADO | D3: MANTENIMIENTO | E3: REPUESTOS | F3: TOTAL
A4: CONCEPTO
A5: 001 | B5: BVB-001-001 | C5: Condensador, Ensamble de Condensador - Q y P
A6: 001 | B6: BVB-001-002 | C6: Reparacion condesador
A7: 001 | B7: BVB-001-003 | C7: Ventilador condensador Q y P
A8: 001 | B8: BVB-001-004 | C8: Lavado interno condensador (barrido)
A9: 001 | B9: BVB-001-005 | C9: Evaporador - Q y P
A10: 001 | B10: BVB-001-006 | C10: Reparacion evaporador
A11: 001 | B11: BVB-001-007 | C11: Lavado interno evaporador (barrido)
A12: 001 | B12: BVB-001-008 | C12: Válvula de Expansión - Q y P
A13: 001 | B13: BVB-001-009 | C13: Manguera de aire acondiconado Q yP
A14: 001 | B14: BVB-001-010 | C14: Ensamblar manguera de aire acondicionado
A15: 001 | B15: BVB-001-011 | C15: Ensamblar tubo de aire acondicionado
A16: 001 | B16: BVB-001-012 | C16: Barrido o limpieza tubo de aire acondicionado C/U
... A46: 001 | B46: BVB-001-042 | C46: Diagnostico con escaner automotriz del sistema de control del aire acondicionado y reinicio de valores de adaptacion (si aplica)
A47: TOTAL
C48: GRUPO 002. MOTOR
C49: CONCEPTO
A50: 002 | B50: BVB-002-001 | C50: Diagnostico con escaner automotriz del sistema de control electronico del motor y reinicio de valores de adaptacion (si aplica)
A51: 002 | B51: BVB-002-002 | C51: Modulo de motor Q y P
A52: 002 | B52: BVB-002-003 | C52: Reparacion harnes electrico de motor
A53: 002 | B53: BVB-002-004 | C53: Harnes de motor Q y P
A54: 002 | B54: BVB-002-005 | C54: Programacion modulo de motor
A55: 002 | B55: BVB-002-006 | C55: Calibracion modulo de motor
A56: 002 | B56: BVB-002-007 | C56: Escaner
A57: 002 | B57: BVB-002-008 | C57: Sensor de motor D y M
A58: 002 | B58: BVB-002-009 | C58: Actuador de motor D y M
A59: 002 | B59: BVB-002-010 | C59: Solenoide D y M
A60: 002 | B60: BVB-002-011 | C60: Diagnostico de motor (pruebas de: compresion y Fugas)
A61: 002 | B61: BVB-002-012 | C61: Reparacion parcial de motor (6 CILINDROS)(con mantenimiento a culata)
... A141: 002 | B141: BVB-002-100 | C141: Reparacaion corto electrico
A142: TOTAL
A143: GRUPO 003 . FRENOS
A144: CONCEPTO
A145: 003 | B145: BVB-003-001 | C145: Rueda delantera Q y P
A146: 003 | B146: BVB-003-002 | C146: Soporte de la leva del freno (uno) - Q y P
A147: 003 | B147: BVB-003-003 | C147: Sellos y Eje de levas de los frenos (uno) - Q y P
A148: 003 | B148: BVB-003-004 | C148: Recámara de aire de los frenos delanteros (una) - Q y P
A149: 003 | B149: BVB-003-006 | C149: Zapatas de los frenos (una sola rueda) - Q y P
A150: 003 | B150: BVB-003-007 | C150: Ajustador del freno - delantero (uno) - Q y P
A151: 003 | B151: BVB-003-009 | C151: Estructura de Soporte de la recámara de los frenos - Q y P
A152: 003 | B152: BVB-003-010 | C152: Tubo de soporte de freno de leva (tubo estilo mordaza) Q y P
A153: 003 | B153: BVB-003-012 | C153: Collarin rueda Q y P
A154: 003 | B154: BVB-003-013 | C154: Protector de polvo o guardapolvo de los frenos - Q y P
A155: 003 | B155: BVB-003-014 | C155: Ajustador del freno - Trasero (uno) - Q y P
A156: 003 | B156: BVB-003-015 | C156: Rueda trasera Q y P
... A230: 003 | B230: BVB-003-090 | C230: Diagnóstico del ABS con códigos de falla
A231: TOTAL
A232: GRUPO 004. DIRECCION
A233: CONCEPTO
A234: 004 | B234: BVB-004-001 | C234: Volante de Dirección Q y P
A235: 004 | B235: BVB-004-002 | C235: Columna de Dirección, no ajustable - Q y P
A236: 004 | B236: BVB-004-003 | C236: Columna de Dirección, Ajustable - Q y P
A237: 004 | B237: BVB-004-004 | C237: Pedal y cable de liberación a distancia para inclinar - Q y P
A238: 004 | B238: BVB-004-006 | C238: reparacion botella de direccion
A239: 004 | B239: BVB-004-008 | C239: Botella de direccion Q y P
A240: 004 | B240: BVB-004-009 | C240: Cambio de empaquetadura botela de direccion
A241: 004 | B241: BVB-004-010 | C241: Cambio de empaquetadura botella auxiliar de direccion
A242: 004 | B242: BVB-004-011 | C242: Sello de aceite de la caja de engranes de la dirección hidráulica, flecha de entrada - Q y P.
A243: 004 | B243: BVB-004-012 | C243: Sello de aceite de la caja de engranes de la dirección hidráulica, flecha de salida - Q y P
A244: 004 | B244: BVB-004-013 | C244: Flecha de mando de la dirección - Engranaje al piso - Q y P
A245: 004 | B245: BVB-004-014 | C245: Botella auxiliar de la dirección hidráulica - Q y P
... A270: 004 | B270: BVB-004-XXX | C270: Dirección - Mano de Obra Miscelánea
A271: TOTAL
A272: GRUPO 005. SUSPENSIÓN
A273: CONCEPTO
A274: 005 | B274: BVB-005-001 | C274: Soporte de la sapa del muelle delantera en la suspensión delantera - Q y P C/U
A275: 005 | B275: BVB-005-002 | C275: Perno o pasador de la suspensión delantera, muelle delantera - Q y P
A276: 005 | B276: BVB-005-003 | C276: Cambio de el buje del muelle delantera en la suspensión delantera
A277: 005 | B277: BVB-005-004 | C277: Bloque espaciador de la suspensión delantera, muelle delantera - Q y P
A278: 005 | B278: BVB-005-005 | C278: Ensamble del muelle de la suspensión delantera - Q y P
A279: 005 | B279: BVB-005-006 | C279: Tornillo central del muelle en la suspensión delantera - Q y P
A280: 005 | B280: BVB-005-007 | C280: Soporte de tope de la suspensión delantera Q y P
A281: 005 | B281: BVB-005-008 | C281: Defensa de la suspensión delantera, goma, Asiento de Muelle - Q y P
A282: 005 | B282: BVB-005-009 | C282: Tornillos U de la suspensión delantera (dos), muelle delantera - Q y P
A283: 005 | B283: BVB-005-010 | C283: Columpios o Estribos de la suspensión delantera, parte trasera de la muelle (un juego) - Q y P
A284: 005 | B284: BVB-005-011 | C284: sapo de soporte de muelle delantero parte trasera - reemplazar buje
A285: 005 | B285: BVB-005-012 | C285: Tornillos U de la suspensión trasera (dos), muelle trasera - Q y P
... A329: 005 | B329: BVB-005-XXX | C329: Suspensión - Mano de Obra Miscelánea
A330: TOTAL
A331: GRUPO 006. RUEDAS, RINES, CUBOS Y RODAMIENTOS
A332: CONCEPTO
A333: 006 | B333: BVB-006-001 | C333: Ensamble de la maza delantera - Q y P.
A334: 006 | B334: BVB-006-002 | C334: Frenos de Disco, del Ensamble de la maza delantera.
A335: 006 | B335: BVB-006-003 | C335: Tapaderas - Q y P del Ensamble de la maza delantera.
A336: 006 | B336: BVB-006-004 | C336: Sello de la maza de la rueda delantera (una) - Q y P
A337: 006 | B337: BVB-006-005 | C337: Baleros y Sellos de las ruedas delanteras - Q y P
A338: 006 | B338: BVB-006-006 | C338: Baleros de ajuste de la rueda delantera (uno) - Q y P
A339: 006 | B339: BVB-006-007 | C339: Maza Delantera, Tabor y Rueda Como un Ensamble Q y p
A340: 006 | B340: BVB-006-008 | C340: Sello de la maza de la rueda trasera (una) - Q y P
A341: 006 | B341: BVB-006-009 | C341: Maza trasera, tambor y rueda como ensamble Q y P
A342: 006 | B342: BVB-006-010 | C342: Ensamble de maza Trasera (uno) - Q y P incluye
A343: 006 | B343: BVB-006-012 | C343: Ensamble de la llanta y la rueda (delanteras) - Q y P
A344: 006 | B344: BVB-006-013 | C344: Ensamble de la llanta y la rueda (traseras) - Q y P
... A346: 006 | B346: BVB-006-XXX | C346: Ruedas y Mazas - Mano de Obra Miscelánea
A347: TOTAL
A348: GRUPO 007. EMBRAGUE
A349: CONCEPTO
...

Sheet 11E. MAQ 27
A1: ROSENBAUER REFERENCIA L32AXS-FA MODELO: 2019
A2: 11 | C2: GRUPOS
A3: GRUPO 002. MOTOR
A4: CONCEPTO | D4: MANTENIMIENTO | E4: REPUESTOS | F4: TOTAL
A5: 002 | B5: BVB-002-079 | C5: Cambio de aceite
A6: 002 | B6: BVB-002-080 | C6: Cambio filtro de combustible
A7: 002 | B7: BVB-002-081 | C7: Cambio filtro trampa
A8: 002 | B8: BVB-002-082 | C8: Cambio filtro de agua
A9: 002 | B9: BVB-002-083 | C9: Cambio filtro de aire
A10: 002 | B10: BVB-002-084 | C10: Cambio filtro de aceite
A11: TOTAL
A12: GRUPO 014. SISTEMA DE ARRANQUE
A13: CONCEPTO
A14: 014 | B14: BVB-014-001 | C14: Cable, Tierra de Batería - Q y P
A15: 014 | B15: BVB-014-002 | C15: Cable, De la Batería al Arrancador - Q y P
A16: 014 | B16: BVB-014-003 | C16: Batería - Q y P una
A17: 014 | B17: BVB-014-004 | C17: Diagnostico sistema de arranque
A18: 014 | B18: BVB-014-XXX | C18: - Mano de Obra Miscelánea.
A19: TOTAL
A20: GRUPO 021. SISTEMA DE LUBRICACION
A21: CONCEPTO
A22: 021 | B22: BVB-021-001 | C22: Tubo de la Bayoneta de medición de aceite - Q y P
A23: 021 | B23: BVB-021-002 | C23: Placa de llenado del aceite - Q y P
A24: 021 | B24: BVB-021-003 | C24: Tubo de Llenado del aceite - Q y P
A25: 021 | B25: BVB-021-004 | C25: Ensamble del filtro de derivación o desviación de aceite - Q y P
A26: 021 | B26: BVB-021-005 | C26: Fleje de montaje del filtro de aceite (uno) - Q y P
A27: 021 | B27: BVB-021-006 | C27: Ensamble completo del filtro de aceite de flujo completo - Q y P
A28: 021 | B28: BVB-021-007 | C28: Drenar y rellenar aceite lubricante
A29: TOTAL
A30: GRUPO 027 EQUIPO CONTRA INCENDIOS PRUEBAS DE RENDIMIENTO BOMBA
A31: CONCEPTO
A32: 027 | C32: Pruba de funcionamiento de sistema de escalera.
A33: 027 | C33: Llevar a cabo el mantenimiento preventivo y correctivo de los sistemas de control electrónico pertenecientes a los tableros de control.
A34: TOTAL
A35: =+'1C. MAQ 28-29-30'!A555 -> Total Incuidos Impuestos y Demas gastos y Gravamenes a los que Haya Lugar
A37: NOTA 1: Los valores con decimales deben aproximarse al número mas cercano y solo se tendrá en cuenta el valor entero.
A38: NOTA 2: Los valores unitarios y totales acá descritos contienen los impuestos, gravámenes y demás gastos a los que haya lugar
A39: NOTA 3: El valor total unitario determinado con la sumatoria de todos los ítems será la referencia para determinar el menor precio y es el mismo que el oferente deberá tener en cuenta para realizar la oferta económica.
A40: NOTA 4: El valor del presupuesto establecido por la entidad para este proceso contractual es una Bolsa a monto agotable, por lo tanto, no podra ser cambiado ni modificado.
A41: En aceptación al ofrecimiento de la oferta económica se firma en la ciudad de xxxxxxxxxxxxx, a los xxxxxx (xx) días, del mes xxx ,del año 202x
A42: _____________________________________________ FIRMA: NOMBRE DEL REPRESENTANTE LEGAL : NOMBRE O RAZON SOCIAL: NIT O CC.: DIRECCIÓN: CIUDAD: TELEFONO: E-MAIL:

Sheet 1C. MAQ 28-29-30
A1: NISSAN 4X4NP300 FRONTIER MODELO 2019 | D1: CANT | E1: 3
A2: 3 | C2: GRUPOS
A3: GRUPO 001. SISTEMA DE VENTILACION, CALEFACCION Y AIRE ACONDICIONADO | D3: MANTENIMIENTO | E3: REPUESTOS | F3: TOTAL
A4: CONCEPTO
A5: 001 | B5: BVB-001-001 | C5: Condensador, Ensamble de Radiador - Q y P
A6: 001 | B6: BVB-001-002 | C6: Reparacion condesador
A7: 001 | B7: BVB-001-003 | C7: Ventilador condensador Q y P
A8: 001 | B8: BVB-001-004 | C8: Lavado interno condensador (barrido)
A9: 001 | B9: BVB-001-005 | C9: Evaporador - Q y P
A10: 001 | B10: BVB-001-006 | C10: Reparacion evaporador
A11: 001 | B11: BVB-001-007 | C11: Lavado interno evaporador (barrido)
A12: 001 | B12: BVB-001-008 | C12: Válvula de Expansión - Q y P
A13: 001 | B13: BVB-001-009 | C13: Manguera de aire acondiconado Q yP
A14: 001 | B14: BVB-001-010 | C14: Ensamblar manguera de aire acondicionado
A15: 001 | B15: BVB-001-011 | C15: Ensamblar tubo de aire acondicionado
A16: 001 | B16: BVB-001-012 | C16: Barrido o limpieza tubo de aire acondicionado C/U
... A46: 001 | B46: BVB-001-042 | C46: Diagnostico codigos de falla del aire acondicionado
C47: TOTAL
A48: GRUPO 002. MOTOR
A49: CONCEPTO
A50: 002 | B50: BVB-002-001 | C50: Diagnostico electronico de motor
A51: 002 | B51: BVB-002-002 | C51: Modulo de motor D y M
A52: 002 | B52: BVB-002-003 | C52: Reparacion harnes electrico de motor
A53: 002 | B53: BVB-002-004 | C53: Harnes de motor D y M
A54: 002 | B54: BVB-002-005 | C54: Programacion modulo de motor
A55: 002 | B55: BVB-002-006 | C55: Calibracion modulo de motor
A56: 002 | B56: BVB-002-007 | C56: Escaner
A57: 002 | B57: BVB-002-008 | C57: Sensor de motor D y M
A58: 002 | B58: BVB-002-009 | C58: Actuador de motor D y M
A59: 002 | B59: BVB-002-010 | C59: Solenoide D y M
A60: 002 | B60: BVB-002-011 | C60: diagnostico de motor
A61: 002 | B61: BVB-002-012 | C61: Reparacion parcial de motor (6 CILINDROS)
... A142: 002 | B142: BVB-002-100 | C142: Reparacaion corto electrico
C143: TOTAL
A144: GRUPO 003 . FRENOS
A145: CONCEPTO
A146: 003 | B146: BVB-003-001 | C146: Rueda delantera Q y P
A147: 003 | B147: BVB-003-002 | C147: Ensamble Caliper del freno (una sola rueda) - Q y P
A148: 003 | B148: BVB-003-003 | C148: Zapatas de los frenos traseros - Q y P
A149: 003 | B149: BVB-003-004 | C149: Cambio pastillas freno delantero
A150: 003 | B150: BVB-003-005 | C150: Ajustador del freno - delantero (uno) - Q y P
A151: 003 | B151: BVB-003-006 | C151: Rotor, disco del freno (uno) - Q y P
A152: 003 | B152: BVB-003-007 | C152: Reparacion Caliper del disco de freno - Q y P incluye: rueda - Q y P
A153: 003 | B153: BVB-003-008 | C153: Collarin rueda Q y P
A154: 003 | B154: BVB-003-009 | C154: Protector de polvo o guardapolvo de los frenos - Q y P
A155: 003 | B155: BVB-003-010 | C155: Ajustador del freno - Trasero (uno) - Q y P
A156: 003 | B156: BVB-003-011 | C156: Rueda trasera Q y P
A157: 003 | B157: BVB-003-012 | C157: Campana de freno trasero Q y P
... A163: 003 | B163: BVB-003-018 | C163: Cambio cilindro de freno rueda
C164: TOTAL
A165: GRUPO 004. DIRECCION
A166: CONCEPTO
A167: 004 | B167: BVB-004-001 | C167: Volante de Dirección Q y P
A168: 004 | B168: BVB-004-002 | C168: Columna de Dirección, no ajustable - Q y P
A169: 004 | B169: BVB-004-003 | C169: Columna de Dirección, Ajustable - Q y P
A170: 004 | B170: BVB-004-004 | C170: Pedal y cable de liberación a distancia para inclinar - Q y P
A171: 004 | B171: BVB-004-006 | C171: reparacion botella de direccion
A172: 004 | B172: BVB-004-008 | C172: Botella de direccion Q y P
A173: 004 | B173: BVB-004-009 | C173: Cambio de empaquetadura botela de direccion
A174: 004 | B174: BVB-004-010 | C174: Cambio de empaquetadura botella auxiliar de direccion
A175: 004 | B175: BVB-004-011 | C175: Sello de aceite de la caja de engranes de la dirección hidráulica, flecha de entrada - Q y P.
A176: 004 | B176: BVB-004-012 | C176: Sello de aceite de la caja de engranes de la dirección hidráulica, flecha de salida - Q y P
A177: 004 | B177: BVB-004-013 | C177: Flecha de mando de la dirección - Engranaje al piso - Q y P
A178: 004 | B178: BVB-004-014 | C178: Botella auxiliar de la dirección hidráulica - Q y P
... A203: 004 | B203: BVB-004-XXX | C203: Dirección - Mano de Obra Miscelánea
C204: TOTAL
A205: GRUPO 005. SUSPENSIÓN
A206: CONCEPTO
A207: 005 | B207: BVB-005-001 | C207: Soporte de la sapa del muelle delantera en la suspensión delantera - Q y P C/U
A208: 005 | B208: BVB-005-002 | C208: Perno o pasador de la suspensión delantera, muelle delantera - Q y P
A209: 005 | B209: BVB-005-003 | C209: Cambio de el buje del muelle delantera en la suspensión delantera
A210: 005 | B210: BVB-005-004 | C210: Bloque espaciador de la suspensión delantera, muelle delantera - Q y P
A211: 005 | B211: BVB-005-005 | C211: Ensamble del muelle de la suspensión delantera - Q y P
A212: 005 | B212: BVB-005-006 | C212: Tornillo central del muelle en la suspensión delantera - Q y P
A213: 005 | B213: BVB-005-007 | C213: Soporte de tope de la suspensión delantera Q y P
A214: 005 | B214: BVB-005-008 | C214: Defensa de la suspensión delantera, goma, Asiento de Muelle - Q y P
A215: 005 | B215: BVB-005-009 | C215: Tornillos U de la suspensión delantera (dos), muelle delantera - Q y P
A216: 005 | B216: BVB-005-010 | C216: Columpios o Estribos de la suspensión delantera, parte trasera de la muelle (un juego) - Q y P
A217: 005 | B217: BVB-005-011 | C217: sapo de soporte de muelle delantero parte trasera - reemplazar buje
A218: 005 | B218: BVB-005-012 | C218: Tornillos U de la suspensión trasera (dos), muelle trasera - Q y P
... A241: 005 | B241: BVB-005-035 | C241: Cambio barra larga direccion
C242: TOTAL
A243: GRUPO 006. RUEDAS, RINES, CUBOS Y RODAMIENTOS
A244: CONCEPTO
A245: 006 | B245: BVB-006-001 | C245: Ensamble de la maza delantera - Q y P.
A246: 006 | B246: BVB-006-002 | C246: Frenos de Disco, del Ensamble de la maza delantera.
A247: 006 | B247: BVB-006-003 | C247: Tapaderas - Q y P del Ensamble de la maza delantera.
A248: 006 | B248: BVB-006-004 | C248: Sello de la maza de la rueda delantera (una) - Q y P
A249: 006 | B249: BVB-006-005 | C249: Baleros y Sellos de las ruedas delanteras - Q y P
A250: 006 | B250: BVB-006-006 | C250: Baleros de ajuste de la rueda delantera (uno) - Q y P
A251: 006 | B251: BVB-006-007 | C251: Maza Delantera, Tabor y Rueda Como un Ensamble Q y p
A252: 006 | B252: BVB-006-008 | C252: Sello de la maza de la rueda trasera (una) - Q y P
A253: 006 | B253: BVB-006-009 | C253: Maza trasera, tambor y rueda como ensamble Q y P
A254: 006 | B254: BVB-006-010 | C254: Ensamble de maza Trasera (uno) - Q y P incluye
A255: 006 | B255: BVB-006-011 | C255: Ensamble de la llanta y la rueda (delanteras) - Q y P
A256: 006 | B256: BVB-006-012 | C256: Ensamble de la llanta y la rueda (traseras) - Q y P
... A258: 006 | B258: BVB-006-XXX | C258: Ruedas y Mazas - Mano de Obra Miscelánea
C259: TOTAL
A260: GRUPO 007. EMBRAGUE
A261: CONCEPTO
...

Sheet 4C. M 1
A1: TOYOTA FORTUNER MODELO: 2015
A2: 4 | C2: GRUPOS
A3: GRUPO 001. SISTEMA DE VENTILACION, CALEFACCION Y AIRE ACONDICIONADO | D3: MANTENIMIENTO | E3: REPUESTOS | F3: TOTAL
A4: CONCEPTO
A5: 001 | B5: BVB-001-001 | C5: Condensador, Ensamble de Radiador - Q y P
A6: 001 | B6: BVB-001-002 | C6: Reparacion condesador
A7: 001 | B7: BVB-001-003 | C7: Ventilador condensador Q y P
A8: 001 | B8: BVB-001-004 | C8: Lavado interno condensador (barrido)
A9: 001 | B9: BVB-001-005 | C9: Evaporador - Q y P
A10: 001 | B10: BVB-001-006 | C10: Reparacion evaporador
A11: 001 | B11: BVB-001-007 | C11: Lavado interno evaporador (barrido)
A12: 001 | B12: BVB-001-008 | C12: Válvula de Expansión - Q y P
A13: 001 | B13: BVB-001-009 | C13: Manguera de aire acondiconado Q yP
A14: 001 | B14: BVB-001-010 | C14: Ensamblar manguera de aire acondicionado
A15: 001 | B15: BVB-001-011 | C15: Ensamblar tubo de aire acondicionado
A16: 001 | B16: BVB-001-012 | C16: Barrido o limpieza tubo de aire acondicionado C/U
... A46: 001 | B46: BVB-001-042 | C46: Diagnostico codigos de falla del aire acondicionado
C47: TOTAL
A48: GRUPO 002. MOTOR
A49: CONCEPTO
A50: 002 | B50: BVB-002-001 | C50: Diagnostico electronico de motor
A51: 002 | B51: BVB-002-002 | C51: Modulo de motor D y M
A52: 002 | B52: BVB-002-003 | C52: Reparacion harnes electrico de motor
A53: 002 | B53: BVB-002-004 | C53: Harnes de motor D y M
A54: 002 | B54: BVB-002-005 | C54: Programacion modulo de motor
A55: 002 | B55: BVB-002-006 | C55: Calibracion modulo de motor
A56: 002 | B56: BVB-002-007 | C56: Escaner
A57: 002 | B57: BVB-002-008 | C57: Sensor de motor D y M
A58: 002 | B58: BVB-002-009 | C58: Actuador de motor D y M
A59: 002 | B59: BVB-002-010 | C59: Solenoide D y M
A60: 002 | B60: BVB-002-011 | C60: diagnostico de motor
A61: 002 | B61: BVB-002-012 | C61: Reparacion parcial de motor (6 CILINDROS)
... A142: 002 | B142: BVB-002-100 | C142: Reparacaion corto electrico
C143: TOTAL
A144: GRUPO 003 . FRENOS
A145: CONCEPTO
A146: 003 | B146: BVB-003-001 | C146: Rueda delantera Q y P
A147: 003 | B147: BVB-003-002 | C147: Ensamble Caliper del freno (una sola rueda) - Q y P
A148: 003 | B148: BVB-003-003 | C148: Zapatas de los frenos traseros - Q y P
A149: 003 | B149: BVB-003-004 | C149: Cambio pastillas freno delantero
A150: 003 | B150: BVB-003-005 | C150: Ajustador del freno - delantero (uno) - Q y P
A151: 003 | B151: BVB-003-006 | C151: Rotor, disco del freno (uno) - Q y P
A152: 003 | B152: BVB-003-007 | C152: Reparacion Caliper del disco de freno - Q y P incluye: rueda - Q y P
A153: 003 | B153: BVB-003-008 | C153: Collarin rueda Q y P
A154: 003 | B154: BVB-003-009 | C154: Protector de polvo o guardapolvo de los frenos - Q y P
A155: 003 | B155: BVB-003-010 | C155: Ajustador del freno - Trasero (uno) - Q y P
A156: 003 | B156: BVB-003-011 | C156: Rueda trasera Q y P
A157: 003 | B157: BVB-003-012 | C157: Campana de freno trasero Q y P
... A163: 003 | B163: BVB-003-018 | C163: Cambio cilindro de freno rueda
C164: TOTAL
A165: GRUPO 004. DIRECCION
A166: CONCEPTO
A167: 004 | B167: BVB-004-001 | C167: Volante de Dirección Q y P
A168: 004 | B168: BVB-004-002 | C168: Columna de Dirección, no ajustable - Q y P
A169: 004 | B169: BVB-004-003 | C169: Columna de Dirección, Ajustable - Q y P
A170: 004 | B170: BVB-004-004 | C170: Pedal y cable de liberación a distancia para inclinar - Q y P
A171: 004 | B171: BVB-004-006 | C171: reparacion botella de direccion
A172: 004 | B172: BVB-004-008 | C172: Botella de direccion Q y P
A173: 004 | B173: BVB-004-009 | C173: Cambio de empaquetadura botela de direccion
A174: 004 | B174: BVB-004-010 | C174: Cambio de empaquetadura botella auxiliar de direccion
A175: 004 | B175: BVB-004-011 | C175: Sello de aceite de la caja de engranes de la dirección hidráulica, flecha de entrada - Q y P.
A176: 004 | B176: BVB-004-012 | C176: Sello de aceite de la caja de engranes de la dirección hidráulica, flecha de salida - Q y P
A177: 004 | B177: BVB-004-013 | C177: Flecha de mando de la dirección - Engranaje al piso - Q y P
A178: 004 | B178: BVB-004-014 | C178: Botella auxiliar de la dirección hidráulica - Q y P
... A203: 004 | B203: BVB-004-XXX | C203: Dirección - Mano de Obra Miscelánea
C204: TOTAL
A205: GRUPO 005. SUSPENSIÓN
A206: CONCEPTO
A207: 005 | B207: BVB-005-001 | C207: Soporte de la sapa del muelle delantera en la suspensión delantera - Q y P C/U
A208: 005 | B208: BVB-005-002 | C208: Perno o pasador de la suspensión delantera, muelle delantera - Q y P
A209: 005 | B209: BVB-005-003 | C209: Cambio de el buje del muelle delantera en la suspensión delantera
A210: 005 | B210: BVB-005-004 | C210: Bloque espaciador de la suspensión delantera, muelle delantera - Q y P
A211: 005 | B211: BVB-005-005 | C211: Ensamble del muelle de la suspensión delantera - Q y P
A212: 005 | B212: BVB-005-006 | C212: Tornillo central del muelle en la suspensión delantera - Q y P
A213: 005 | B213: BVB-005-007 | C213: Soporte de tope de la suspensión delantera Q y P
A214: 005 | B214: BVB-005-008 | C214: Defensa de la suspensión delantera, goma, Asiento de Muelle - Q y P
A215: 005 | B215: BVB-005-009 | C215: Tornillos U de la suspensión delantera (dos), muelle delantera - Q y P
A216: 005 | B216: BVB-005-010 | C216: Columpios o Estribos de la suspensión delantera, parte trasera de la muelle (un juego) - Q y P
A217: 005 | B217: BVB-005-011 | C217: sapo de soporte de muelle delantero parte trasera - reemplazar buje
A218: 005 | B218: BVB-005-012 | C218: Tornillos U de la suspensión trasera (dos), muelle trasera - Q y P
... A241: 005 | B241: BVB-005-035 | C241: Cambio barra larga direccion
C242: TOTAL
A243: GRUPO 006. RUEDAS, RINES, CUBOS Y RODAMIENTOS
A244: CONCEPTO
A245: 006 | B245: BVB-006-001 | C245: Ensamble de la maza delantera - Q y P.
A246: 006 | B246: BVB-006-002 | C246: Frenos de Disco, del Ensamble de la maza delantera.
A247: 006 | B247: BVB-006-003 | C247: Tapaderas - Q y P del Ensamble de la maza delantera.
A248: 006 | B248: BVB-006-004 | C248: Sello de la maza de la rueda delantera (una) - Q y P
A249: 006 | B249: BVB-006-005 | C249: Baleros y Sellos de las ruedas delanteras - Q y P
A250: 006 | B250: BVB-006-006 | C250: Baleros de ajuste de la rueda delantera (uno) - Q y P
A251: 006 | B251: BVB-006-007 | C251: Maza Delantera, Tabor y Rueda Como un Ensamble Q y p
A252: 006 | B252: BVB-006-008 | C252: Sello de la maza de la rueda trasera (una) - Q y P
A253: 006 | B253: BVB-006-009 | C253: Maza trasera, tambor y rueda como ensamble Q y P
A254: 006 | B254: BVB-006-010 | C254: Ensamble de maza Trasera (uno) - Q y P incluye
A255: 006 | B255: BVB-006-011 | C255: Ensamble de la llanta y la rueda (delanteras) - Q y P
A256: 006 | B256: BVB-006-012 | C256: Ensamble de la llanta y la rueda (traseras) - Q y P
... A258: 006 | B258: BVB-006-XXX | C258: Ruedas y Mazas - Mano de Obra Miscelánea
C259: TOTAL
A260: GRUPO 007. EMBRAGUE
A261: CONCEPTO
...
